 Dungeon Crawl Stone Soup version bcrawl-1.38.3 (webtiles) character file.

Game seed: 12247862951750631503

13742049 Artagas the Hoplite (level 27, 345/345 HPs)
             Began as a Gnoll Chaos Knight on May 12, 2023.
             Was the Champion of Qazlal.
             Escaped with the Orb
             ... and 3 runes on May 18, 2023!
             The game lasted 03:47:37 (71553 turns).

Artagas the Hoplite (Gnoll Chaos Knight)           Turns: 71553, Time: 03:47:37

Health: 345/345    AC: 35    Str: 22    XL:     27
Magic:  41/41      EV: 30    Int: 24    God:    Qazlal [******]
Gold:   4875       SH: 30    Dex: 21    Spells: 7/63 levels left

rFire    + . .     GDR:     41% a - +8 eveningstar of Tauweon {freeze, rF+ rN+ Int+4}
rCold    . . .     SeeInvis +   D - +6 buckler "Nor Uheq" {Int+4}
rNeg     + + +     Gourm    .   (armour currently unavailable)
rPois    ∞         Faith    .   L - +2 hat
rElec    +         Spirit   +   C - +2 cloak {MR+}
rCorr    .         Reflect  .   (gloves currently unavailable)
MR       ++++.     Rnd*Tele +   (boots currently unavailable)
Stlth    +.........             Z - amulet of guardian spirit
HPRegen  0.00/turn              r - ring "Xaant" {Wiz Dex+4}
MPRegen  0.27/turn              O - ring of Coerr {rPois rN+ Int-2 Dex+2 SInv}

@: statue-form (expiring), studying 2 skills, repel missiles, very slow
A: distributed training, antennae 1, fangs 2, talons 1, large bone plates 1,
deterioration 1, low mp 1, magic resistance 1, poison resistance, robust 2,
screaming 1, inhibited regeneration, teleportitis 1, weak 1, subdued magic 1,
sturdy frame 1, strong nose
0: Orb of Zot
}: 3/15 runes: serpentine, silver, gossamer
a: End Transformation, Upheaval, Elemental Force, Become The Storm, Renounce
Religion


You escaped.
You worshipped Qazlal.
Qazlal was exalted by your worship.
You were full.
You were a stone statue.
You visited 11 branches of the dungeon, and saw 44 of its levels.
You also visited: Bailey.

You collected 9159 gold pieces.
You spent 4284 gold pieces at shops.

Inventory:

Hand Weapons
 a - the +8 eveningstar of Tauweon (weapon) {freeze, rF+ rN+ Int+4}
   (You acquired it in a bailey)

   It has been specially enchanted to freeze those struck by it, increasing
   damage dealt by approximately one third against foes not resistant or
   susceptible to cold, and potentially slowing cold-blooded foes.
   It affects your intelligence (+4).
   It protects you from fire.
   It protects you from negative energy.
 b - a +9 fustibalus of flaming
   (You took it off a human on level 11 of the Dungeon)
 m - the +7 Singing Sword {slice}
   (You found it on level 5 of the Depths)

   It will always inflict at least some extra damage.
   This minimum extra damage increases with your current reserve of magical
   power.
 y - the +10 war axe of the Doomed Warrior {vamp, MR+ Str+3}
   (You took it off a frost giant on level 2 of the Depths)

   It inflicts no extra harm, but heals its wielder when it wounds a living foe.
   It affects your strength (+3).
   It affects your resistance to hostile enchantments.
 M - the +5 rapier of the Smoking Visionary {elec, +Inv rC- MP+9 Int+10}
   (You found it on level 4 of the Lair of Beasts)

   Occasionally, upon striking a foe, it will discharge some electrical energy
   and cause terrible harm.
   It affects your intelligence (+10).
   It makes you vulnerable to cold.
   It affects your magic capacity (+9).
   It lets you turn invisible.
Missiles
 l - 2682 sling bullets
 F - 926 javelins (quivered)
Armour
 n - the +2 hat of Distant Worlds {*Corrode Dex+4}
   (You found it on level 5 of the Realm of Zot)

   It affects your dexterity (+4).
   It may corrode you when you take damage.
 C - a +2 cloak of magic resistance (worn)
   (You took it off Nikola on level 3 of the Depths)
 D - the +6 buckler "Nor Uheq" (worn) {Int+4}
   (You bought it in a shop on level 1 of the Vaults)

   It affects your intelligence (+4).
 L - a +2 hat (worn)
   (You bought it in a shop on level 3 of the Elven Halls)
Jewellery
 g - the ring of Oraf {Fire +Inv}
   (You found it on level 1 of the Spider Nest)

   [ring of fire]

   It enhances your fire magic.
   It protects you from fire.
   It makes you vulnerable to cold.
   It lets you turn invisible.
 k - the ring "Soryuse" {rF+ rN+ Stlth+}
   (You took it off an ancient champion on level 2 of the Crypt)

   [ring of positive energy]

   It protects you from fire.
   It protects you from negative energy.
   It makes you more stealthy.
 r - the ring "Xaant" (left hand) {Wiz Dex+4}
   (You found it on level 2 of the Crypt)

   [ring of wizardry]

   It improves your spell success rate.
   It affects your dexterity (+4).
 u - a +4 ring of evasion
   (You took it off a deep elf elementalist on level 3 of the Elven Halls)
 x - the ring "Bukhlecyk" {MR+ Int+2}
   (You found it on level 2 of the Spider Nest)

   [ring of protection from magic]

   It affects your intelligence (+2).
   It affects your resistance to hostile enchantments.
 N - the ring "Jyqec" {+Blink +Fly}
   (You found it on level 2 of the Snake Pit)

   [ring of flight]

   It lets you fly.
   It lets you blink.
 O - the ring of Coerr (right hand) {rPois rN+ Int-2 Dex+2 SInv}
   (You took it off a skeletal warrior on level 2 of the Crypt)

   [ring of positive energy]

   It affects your intelligence (-2).
   It affects your dexterity (+2).
   It protects you from poison.
   It protects you from negative energy.
   It lets you see invisible.
 Z - an amulet of guardian spirit (around neck)
   (You found it on level 2 of the Dungeon)
Wands
 B - a wand of paralysis (24)
   (You found it on level 9 of the Dungeon)
 E - a wand of charming (15)
   (You found it on level 10 of the Dungeon)
 I - a wand of acid (36)
   (You found it on level 1 of the Lair of Beasts)
 U - a wand of clouds (25)
   (Xom gifted it to you on level 3 of the Spider Nest)
 V - a wand of iceblast (54)
   (You took it off Nergalle on level 10 of the Dungeon)
Scrolls
 i - 3 scrolls of acquirement
 j - 6 scrolls of fog
 p - 8 scrolls of magic mapping
 t - 9 scrolls of teleportation
 z - 2 scrolls of blinking
 R - 5 scrolls of fear
 W - 5 scrolls of vulnerability
Potions
 c - 2 potions of berserk rage
 d - 10 potions of might
 f - 6 potions of ambrosia
 h - 3 potions of haste
 o - 6 potions of lignification
 q - 14 potions of curing
 s - a potion of agility
 w - 5 potions of heal wounds
 A - a potion of resistance
 G - 11 potions of flight
 H - 9 potions of brilliance
 J - 5 potions of mutation
 K - 6 potions of magic
 P - 2 potions of cancellation
Miscellaneous
 Q - a lightning rod (4/4)
   (Xom gifted it to you on level 3 of the Elven Halls)
 S - 5 boxes of beasts
 T - 2 phantom mirrors
 X - a lamp of fire
   (You found it on level 3 of the Lair of Beasts)
 Y - a sack of spiders
   (You found it on level 12 of the Dungeon)
Comestibles
 e - 34 rations {!d}


   Skills:
 + Level 19.3 Fighting
 + Level 18.5 Short Blades
 + Level 18.5 Long Blades
 + Level 18.5 Axes
 + Level 19.3 Maces & Flails
 + Level 18.5 Polearms
 + Level 18.5 Staves
 + Level 18.5 Slings
 + Level 18.5 Bows
 + Level 18.5 Crossbows
 + Level 18.5 Throwing
 + Level 18.9 Armour
 + Level 18.6 Dodging
 + Level 18.5 Stealth
 + Level 23.4 Shields
 + Level 18.5 Unarmed Combat
 + Level 18.5 Spellcasting
 + Level 16.0 Conjurations
 + Level 16.0 Hexes
 + Level 16.0 Charms
 + Level 16.0 Summonings
 + Level 16.0 Necromancy
 + Level 16.0 Translocations
 + Level 16.0 Transmutations
 + Level 16.0 Fire Magic
 + Level 16.0 Ice Magic
 + Level 16.0 Air Magic
 + Level 16.0 Earth Magic
 + Level 16.0 Poison Magic
 + Level 19.9 Invocations
 + Level 21.9 Evocations


You had 7 spell levels left.
You knew the following spells:

 Your Spells              Type           Power        Failure   Level  Hunger
a - Flaming Arrows        Chrm/Fire      ######..     0%          2    None
b - Monstrous Menagerie   Summ           ######....   1%          7    ###....
c - Freezing Cloud        Ice/Air        ######..     1%          5    None
d - Icicle Burst          Conj/Ice       ######....   1%          7    ###....
e - Irradiate             Conj/Tmut      ######....   1%          5    None
f - Statue Form           Tmut/Erth      ######...    1%          6    None
g - Aura of Abjuration    Summ           ######....   1%          6    None
h - Haunt                 Necr/Summ      ######....   1%          7    ###....
i - Orb of Destruction    Conj           ######....   1%          7    ###....
j - Yara's Violent Unrav  Hex/Tmut       ######....   0%          4    None

Your spell library contained the following spells:

 Spells                   Type           Power        Failure   Level  Hunger
 Beastly Appendage        Tmut           ######       0%          1    None
 Corona                   Hex            ######.      0%          1    None
 Flame Tongue             Conj/Fire      #####        0%          1    None
 Freeze                   Ice            ######       0%          1    None
 Necrotize                Necr           ######       0%          1    None
 Static Discharge         Air            ######       0%          1    None
 Sting                    Conj/Pois      ####         0%          1    None
 Summon Butterflies       Summ           ######..     0%          1    None
 Summon Small Mammal      Summ           ####         0%          1    None
 Call Imp                 Summ           ######       0%          2    None
 Corpse Rot               Necr           N/A          0%          2    None
 Ensorcelled Hibernation  Hex/Ice        ######       0%          2    None
 Passwall                 Tmut/Erth      ######..     0%          2    None
 Poisonous Vapours        Pois/Air       ######       0%          2    None
 Shackle                  Hex            ######..     0%          2    None
 Shock                    Conj/Air       ######.      0%          2    None
 Sublimation of Blood     Necr           ######....   0%          2    None
 Swiftness                Chrm/Air       ######..     0%          2    None
 Call Canine Familiar     Summ           ######..     0%          3    None
 Confuse                  Hex            ######..     0%          3    None
 Conjure Flame            Conj/Fire      ######..     0%          3    None
 Dazzling Orbs            Conj/Hex       ######.      0%          3    None
 False Image              Hex/Summ       ######..     0%          3    None
 Ignite Poison            Fire/Tmut/Pois ######..     0%          3    None
 Inner Flame              Hex/Fire       N/A          0%          3    None
 Mephitic Cloud           Conj/Pois/Air  ######..     0%          3    None
 Tukima's Dance           Hex            ######..     0%          3    None
 Vampiric Draining        Necr           ######....   0%          3    None
 Agony                    Necr           ######..     0%          4    None
 Animate Dead             Necr           N/A          0%          4    None
 Cause Fear               Hex            ######....   0%          4    None
 Fulminant Prism          Conj/Hex       ######....   0%          4    None
 Ice Form                 Ice/Tmut       ######..     0%          4    None
 Lightning Bolt           Conj/Air       ######..     0%          4    None
 Olgreb's Toxic Radiance  Pois           ######...    0%          4    None
 Petrify                  Tmut/Erth      ######....   0%          4    None
 Sticky Flame             Conj/Fire      ######..     0%          4    None
 Summon Ice Beast         Ice/Summ       ######..     0%          4    None
 Summon Scorpions         Summ/Pois      ######..     0%          4    None
 Tree Form                Hex/Tmut       N/A          0%          4    None
 Bolt of Draining         Conj/Necr      ######....   1%          5    None
 Bolt of Magma            Conj/Fire/Erth ######....   1%          5    None
 Dispel Undead            Necr           ######..     1%          5    None
 Fireball                 Conj/Fire      ######....   1%          5    None
 Lee's Rapid Deconstruct  Erth           ######....   1%          5    None
 Metabolic Englaciation   Hex/Ice        ######....   1%          5    None
 Silence                  Hex/Air        ######....   1%          5    None
 Steam Barrier            Chrm/Fire      ######....   1%          5    None
 Summon Lightning Spire   Summ/Air       ######..     1%          5    None
 Summon Mana Viper        Hex/Summ       ######..     1%          5    None
 Venom Bolt               Conj/Pois      ######....   1%          5    None
 Bolt of Cold             Conj/Ice       ######....   1%          6    None
 Bolt of Fire             Conj/Fire      ######....   1%          6    None
 Borgnjor's Vile Clutch   Necr/Erth      ######....   1%          6    None
 Conjure Ball Lightning   Conj/Air       ######....   1%          6    None
 Darkness                 Hex            ######....   1%          6    None
 Infestation              Hex/Tmut/Pois  ######...    1%          6    None
 Invisibility             Hex            ######..     1%          6    None
 Iron Shot                Conj/Erth      ######....   1%          6    None
 Ozocubu's Refrigeration  Ice            ######....   1%          6    None
 Simulacrum               Ice/Necr       ######..     1%          6    None
 Summon Hydra             Summ           ######....   1%          6    None
 Controlled Blink         Tloc           ######..     1%          7    ###....
 Dragon Form              Tmut           ######.      1%          7    ###....
 Malign Gateway           Summ/Tloc      ######....   1%          7    ###....
 Mana Rupture             Conj/Hex       ######....   1%          7    ###....
 Spellforged Servitor     Conj/Summ      ######....   1%          7    ###....
 Summon Greater Demon     Summ           ######....   1%          7    ###....
 Ignition                 Fire           ######....   9%          8    #####..
 Necromutation            Tmut/Necr      ######..     9%          8    #####..
 Summon Horrible Things   Summ           ######....   9%          8    #####..
 Dragon's Call            Summ           ######....   78%         9    ######.
 Fire Storm               Conj/Fire      ######....   78%         9    ######.
 Shatter                  Erth           ######....   78%         9    ######.
 Passage of Golubria      Tloc           Unusable     N/A         5    N/A

Dungeon Overview and Level Annotations

Branches:
Dungeon (12/12)            Temple (1/1) D:7            Lair (6/6) D:8
  Snake (3/3) Lair:4       Spider (3/3) Lair:2        Slime (0/5) Lair:6
    Orc (1/1) D:9             Elf (3/3) Orc          Vaults (3/3) D:11
  Crypt (2/2) Vaults:2       Tomb (0/3) Crypt:2      Depths (5/5) D:12
    Zot (5/5) Depths:5

Altars:
Ashenzari
Cheibriados
Dithmenos
Fedhas
Gozag
Kikubaaqudgha
Lugonu
Nemelex Xobeh
Okawaru
Qazlal
Ru
Sif Muna
Trog
Uskayaw
Vehumet
Wu Jian
Xom
Yredelemnul
Jiyva

Shops:
D:8 *   Orc *::[((   Elf:1 :   Elf:2 *   Elf:3 [   Snake:1 (   Vaults:1 **((%
Vaults:2 *   Depths:3 ?

Portals:
Hell: Depths:1 Depths:2 Depths:3 Depths:4 Depths:5
Abyss: Depths:4
Pandemonium: Depths:3 Depths:5
Ziggurat: Depths:4

Annotations:
D:9 2 transporters, Tiareth's ghost, journeyman DgWz
Lair:6 3 runed translucent doors, Nebesus's ghost, journeyman NaNe
Snake:2 1 runed translucent door, Turbognida's ghost, adept HOAc
Snake:3 1 runed translucent door, SansUndertale's ghost, journeyman NaAK
Spider:2 exclusion: orange crystal statue
Crypt:1 2 runed doors, Waammiq's ghost, veteran GrEE
Zot:1 2 transporters, exclusion: obsidian statue


Innate Abilities, Weirdness & Mutations

Your experience applies equally to all skills.
You have extremely sharp teeth.
Your uncanny sense of smell can sniff out nearby items.
You have a pair of small antennae on your head.
You have sharp toenails.
You are partially covered in large bone plates. (SH +4)
((You are partially covered in thin metallic scales. (AC +2)))
Your body sometimes deteriorates upon taking damage.
Your magical capacity is low. (-10% MP)
You are resistant to hostile enchantments. (MR+)
Your system is resistant to poisons. (rPois)
You are very robust. (+20% HP)
You occasionally shout uncontrollably at your foes.
((You are covered in fur. (AC +1)))
You do not regenerate when monsters are visible.
You are occasionally teleported next to monsters.
You are weak. (Str -2)
Your spells are a little easier to cast, but a little less powerful.
Your movements are slightly less encumbered by armour. (ER -2)


Message History

Where to? (Enter - D:1 @ (x,y), ? - help)
A blizzard demon comes into view.
You open the door. The blizzard demon gestures at you.
The bolt of lightning misses you.
There is an open door here.
The blizzard demon gestures at you. The bolt of cold hits you!
The blizzard demon gestures at you.
You hear a sizzling sound!
There is a stone staircase leading up here.
The blizzard demon gestures at you.
You hear a sizzling sound!
The blizzard demon gestures at you.
The bolt of cold hits you but does no damage.
A rune on the stairs sparks and fizzles.
You climb upwards.
There is a stone staircase leading down here.
There is an escape hatch in the ceiling, spattered with blood here.
Items here: )))) [ a +0 dagger; a cursed +0 chain mail; a +0 club; a +0 dagger of protection a +0 club
There is a stone staircase leading up, spattered with blood here.
(D) Dungeon (T) Temple (L) Lair (P) Snake Pit (N) Spider Nest (M) Slime Pits (O) Orcish Mines (E) Elven Halls (V) Vaults (C) Crypt (W) Tomb (U) Depths (H) Hell (Z) Zot
Where to? (Enter - D:1 @ (x,y), ? - help)
A rune on the stairs sparks and fizzles.
You climb upwards.
There is a stone staircase leading down here.
HP restored.
A reaper comes into view. It is wielding a +1 scythe of venom.
The reaper activates a sealing rune.
There is a sealed passage leading up here.
Throwing (i - inventory)
F - 930 javelins (quivered)
Press: ? - help, Shift-Dir - straight line, f - reaper
Aim: a reaper, wielding a +1 scythe of venom You throw a javelin.
The javelin hits the reaper!!!
The reaper is heavily wounded.
Throwing (i - inventory)
F - 929 javelins (quivered)
Press: ? - help, Shift-Dir - straight line, f/p - reaper
Aim: a reaper, wielding a +1 scythe of venom (heavily wounded)
You throw a javelin. The javelin hits the reaper!
The reaper is severely wounded.
You block the reaper's attack.
Throwing (i - inventory)
F - 928 javelins (quivered)
Press: ? - help, Shift-Dir - straight line, f/p - reaper
Aim: a reaper, wielding a +1 scythe of venom (severely wounded)
You throw a javelin.
The javelin hits the reaper but does no damage.
The reaper is severely wounded.
The reaper completely misses you.
Throwing (i - inventory)
F - 927 javelins (quivered)
Press: ? - help, Shift-Dir - straight line, f/p - reaper
Aim: a reaper, wielding a +1 scythe of venom (severely wounded)
You throw a javelin. The javelin hits the reaper!!
You kill the reaper!
Qazlal accepts your kill.
The runic seal fades away.
You climb upwards.
There is a stone staircase leading down here.
(D) Dungeon (T) Temple (L) Lair (P) Snake Pit (N) Spider Nest (M) Slime Pits (O) Orcish Mines (E) Elven Halls (V) Vaults (C) Crypt (W) Tomb (U) Depths (H) Hell (Z) Zot
Where to? (Enter - D:1 @ (x,y), ? - help)
You sense a monster nearby.
A green death comes into view.
The green death roars!
The green death gestures at you. You block the poison arrow.
You impale the green death!! You freeze the green death!
You claw the green death!
The green death is almost dead.
The green death is engulfed in blazing flames.
The green death gestures at you. The blast of poison misses you.
You stick the green death like a pincushion!!!
You freeze the green death.
You kill the green death!
Qazlal accepts your kill.
A giant cockroach comes into view.
An eye of draining comes into view.
The eye of draining turns its gaze towards you.
You sock the giant cockroach! You freeze the giant cockroach.
You kill the giant cockroach!
Qazlal accepts your kill. The eye of draining gazes at you.
You feel your power leaking away.
You see here a giant cockroach corpse.
You pound the eye of draining like an anvil!!!
You freeze the eye of draining!
You kill the eye of draining!
Qazlal accepts your kill.
There is a staircase leading out of the dungeon here.
Put on which piece of jewellery? (? for menu, Esc to quit)
Okay, then.
Magic restored.
The power of the Orb breaks the dimensional shunt like a soap bubble!
You have escaped!

..# #.#.#.# #........##..#.#
#. #.# #.#.#.#
####.#.......#.# #. #.#
#.#.#.# #.###.##.##.# #.
#.##
#.#.#.######....X....#.####.
...#
#.#.#.#.#.#.#.#...####.#....
...# #.#.#.##.#.#.#.†#.##
#...... ...#
#.#.#.#.#.#.#.###°○# #.#....
..## #.#.#.##.#.#.#.###○#
#.#....
######.#.#.#.#.#8#.##
#°###.#####
.......#....#.#.#.#.#
#..##.#
#####..###...#.#.#.##
##.##.#####
#####..#....#.#.#.#.#
#.##......
...##..#.#.[...######
#..#...... ...##..#.#..##.##
##.#...... .).##..#.#..#...#
#.#...... ...##..#.#..#..##
#.#.).... ...##..#.#..#..#
#.[......


You could see an Orb Guardian.

Vanquished Creatures
  A juggernaut (Depths:5)
  3 orbs of fire (Zot:5)
  A pandemonium lord (Zot:2)
  Mennas (Depths:3)
  7 ancient liches
  Sojobo (Depths:1)
  2 Killer Klowns
  5 golden dragons
  Saint Roka (Orc)
  Margery (Crypt:1)
  The ghost of MisterOstroum the Fetichist, a veteran FrGl of Okawaru (Depths:5)
  4 caustic shrikes (Depths:3)
  A curse toe (Zot:5)
  2 rockslimes
  Jory (Depths:4)
  Zenata (Crypt:1)
  An iron giant (Vaults:1)
  Nikola (Depths:3)
  4 electric golems
  2 Orb Demons
  A Brimstone Fiend (Zot:4)
  2 bone dragons
  Frances (Elf:1)
  12 tentacled monstrosities
  6 liches
  22 Orb Guardians
  3 deep elf blademasters
  A titan (Vaults:3)
  3 quicksilver dragons
  An Executioner (D:11)
  3 deep elf master archers (Elf:3)
  7 death cobs
  8 ancient champions
  5 sphinxes
  4 tengu reavers
  A revenant (Crypt:2)
  5 ghouls
  13 shadow dragons
  9 nagarajas (Snake:3)
  5 draconian monks
  8 storm dragons
  A war gargoyle (Vaults:3)
  10 fire giants
  11 frost giants
  3 orc warlords
  2 cacodemons
  2 iron dragons (Depths:4)
  6 deep elf sorcerers
  16 vault wardens
  3 draconian shifters
  4 ghost moths
  5 deep elf elementalists (Elf:3)
  2 draconian stormcallers (Zot:1)
  Aizul (Elf:1)
  24 stone giants
  3 eyes of devastation
  6 emperor scorpions
  5 draconian annihilators
  2 reapers
  6 spriggan defenders
  2 curse skulls
  6 draconian scorchers
  8 ironheart preservers
  21 very ugly things
  The ghost of kosoiffoigrumme1174 the Thrower, a journeyman TrAc of Trog (Spider:1)
  5 jiangshi
  2 vampire knights
  6 deep elf demonologists
  5 green draconians
  5 purple draconians
  2 entropy weavers
  4 white draconians
  7 deep elf annihilators (Elf:3)
  8 black draconians
  5 red draconians
  9 yellow draconians
  5 spark wasps
  An eidolon (Crypt:1)
  5 dire elephants
  15 ettins
  9 deep elf death magi
  A merfolk impaler (Depths:3)
  6 fire dragons
  A green death (D:1)
  6 deep elf high priests
  Urug (D:11)
  10 yaktaur captains
  The ghost of Cris the Destroyer, a journeyman FrCj of Vehumet (Spider:1)
  A hell beast (Zot:2)
  A hydra (shapeshifter) (Vaults:3)
  5 rakshasas
  A monstrous demonspawn (Depths:3)
  7 vault guards
  15 ice dragons
  Erica (D:10)
  24 naga warriors
  6 hydras
  2 spriggan air magi
  5 great orbs of eyes
  A catoblepas (Snake:3)
  3 shadow wraiths
  24 two-headed ogres
  An alligator snapping turtle (Spider:3)
  12 anacondas
  A death knight (Crypt:1)
  9 death oozes (Depths:5)
  4 deep troll shamans
  6 ogre magi
  An alligator (Lair:6)
  8 death yaks
  2 ironheart beastmasters
  23 dancing weapons
  4 deep troll earth magi
  5 tengu warriors
  3 orc high priests
  2 spriggan berserkers
  12 naga sharpshooters
  7 vampire magi
  3 shock serpents
  3 soul eaters
  A shock serpent (shapeshifter) (Spider:3)
  16 deep trolls
  12 deep elf knights
  4 iron trolls
  14 skeletal warriors
  2 sixfirhies
  Nergalle (D:10)
  A titan skeleton (Crypt:1)
  27 centaur warriors
  10 hell knights
  3 salamander mystics
  3 spriggan druids (Depths:4)
  A torturous demonspawn (D:12)
  2 unseen horrors
  5 flayed ghosts
  4 glowing orange brains
  An orange crystal statue (Spider:3)
  3 gelid demonspawn (D:9)
  A shadow demon (Depths:5)
  An obsidian statue (D:12)
  6 naga ritualists
  8 wizards
  5 phantasmal warriors
  7 necromancers
  11 deep elf archers
  A cyclops (D:11)
  11 wolf spiders
  7 orc knights
  4 orb spiders
  14 ironheart convokers
  An iron dragon zombie (Crypt:1)
  3 orc sorcerers (Orc)
  A shadow dragon skeleton (Crypt:2)
  43 deep elf magi
  34 ugly things
  4 oklob plants (Lair:3)
  17 salamanders
  4 mana vipers
  2 stone giant zombies
  21 moths of wrath
  A manticore (D:11)
  3 elephants (Lair:6)
  7 vault sentinels
  11 guardian serpents
  An iron dragon skeleton (Crypt:2)
  13 naga magi
  32 black mambas
  2 rust devils
  An alligator snapping turtle zombie (Crypt:2)
  16 cane toads
  9 komodo dragons
  A torpor snail (Spider:3)
  A hellion (Depths:5)
  5 rime drakes
  46 yaktaurs
  21 jumping spiders
  A yaktaur (shapeshifter) (Elf:3)
  6 demonic crawlers
  3 efreet
  4 freezing wraiths
  3 hellwings
  3 tengu conjurers
  A death yak skeleton (Crypt:1)
  9 flying skulls (Crypt:2)
  A guardian mummy (Crypt:2)
  A spark wasp simulacrum (Depths:2)
  A tyrant leech (shapeshifter) (Spider:3)
  An eye of draining (D:1)
  2 red devils (Depths:3)
  A yellow draconian skeleton (Crypt:2)
  16 hornets
  A meliai (shapeshifter) (Depths:1)
  12 trolls
  4 polar bears
  A merfolk (shapeshifter) (Vaults:3)
  A troll (shapeshifter) (Vaults:3)
  4 harpy skeletons
  A polar bear (shapeshifter) (Vaults:2)
  Prince Ribbit (D:5)
  16 slime creatures
  An ice dragon zombie (Crypt:2)
  An ettin zombie (Depths:2)
  20 blink frogs
  6 hippogriffs
  2 meliai zombies
  A raiju (shapeshifter) (Depths:4)
  A bog body (Crypt:1)
  A dream sheep (Lair:6)
  2 ettin skeletons (Depths:2)
  3 air elementals
  6 wraiths
  27 spriggans
  A spriggan (shapeshifter) (D:12)
  3 shadows
  A wyvern (D:11)
  24 tarantellas
  2 large abominations (D:11)
  7 fire elementals
  9 water elementals
  47 yaks
  7 humans (D:11)
  35 redbacks
  2 basilisks
  3 wargs (Orc)
  A hungry ghost (D:10)
  4 vampire mosquitoes (D:11)
  3 hydra simulacra (Depths:3)
  A gelid demonspawn zombie (Crypt:2)
  52 nagas
  10 water moccasins
  7 crocodiles
  Duvessa (D:3)
  A floating eye (Depths:4)
  2 ice beasts (D:8)
  40 orc warriors
  9 porcupines
  A lindwurm zombie (Crypt:1)
  A soldier ant (shapeshifter) (Vaults:1)
  2 ettin simulacra
  A hornet zombie (D:9)
  A sky beast (D:9)
  A phantom (D:4)
  3 necrophages
  23 ogres
  5 black bears
  14 boggarts
  A swamp dragon skeleton (Crypt:1)
  A redback zombie (Crypt:2)
  29 wolves
  3 kobold brigands
  5 bullfrogs
  A rime drake skeleton (Crypt:1)
  A gnoll sergeant (D:6)
  19 centaurs
  2 earth elementals
  A water moccasin skeleton (D:9)
  Dowan (D:3)
  4 scorpions
  10 killer bees
  10 wights
  A vampire bat (D:2)
  3 howler monkeys
  15 orc priests
  A wolf zombie (Crypt:1)
  3 electric eels
  2 crimson imps
  3 bullfrog zombies
  2 jellies
  2 iron imps (Depths:3)
  6 hounds
  Ijyb (D:4)
  A black bear skeleton (Crypt:2)
  4 iguanas
  18 orc wizards
  7 worker ants
  A killer bee zombie (D:7)
  A demigod zombie (Crypt:2)
  A sky beast zombie (Crypt:1)
  A human simulacrum (Crypt:2)
  2 hound skeletons
  12 mummies (Crypt:2)
  A worker ant zombie (D:10)
  A gnoll (shapeshifter) (Elf:1)
  8 adders
  13 gnolls
  A river rat (D:8)
  2 shadow imps
  4 white imps
  2 ufetubi (Depths:3)
  2 oozes
  2 adder skeletons
  5 worms
  2 dart slugs (D:3)
  3 leopard geckos (D:2)
  109 orcs
  10 bats
  3 bat skeletons (D:2)
  A bat zombie (D:2)
  10 giant cockroaches
  9 goblins
  9 hobgoblins
  5 jackals
  28 kobolds
  4 quokkas
  A ball python (Snake:3)
  2 frilled lizards (D:1)
  An orc skeleton (Crypt:1)
  2 quokka skeletons (D:4)
  5 rats
  3 fungi
2030 creatures vanquished.

Vanquished Creatures (collateral kills)
  A juggernaut (Depths:3)
  A Killer Klown (Depths:5)
  A golden dragon (Depths:5)
  A caustic shrike (Depths:3)
  An Orb Guardian (Zot:5)
  2 liches
  Asterion (Spider:1)
  A quicksilver dragon (shapeshifter) (Depths:5)
  A tengu reaver (Vaults:3)
  A storm dragon (Depths:5)
  2 nagarajas
  A war gargoyle (Vaults:3)
  A frost giant (Vaults:3)
  A ghost moth (Spider:2)
  3 deep elf sorcerers (Elf:3)
  An emperor scorpion (Spider:3)
  A vault warden (Vaults:3)
  3 deep elf elementalists (Elf:3)
  An ironheart preserver (Vaults:2)
  A stone giant (Vaults:3)
  Nessos (Orc)
  A vampire knight (Depths:5)
  An eye of devastation (shapeshifter) (Depths:1)
  A deep elf annihilator (Elf:3)
  3 entropy weavers
  A deep elf demonologist (Elf:3)
  A fire dragon (Elf:1)
  The ghost of jojo4K the Basher, a journeyman GrBe of Trog (Spider:2)
  A yaktaur captain (Vaults:3)
  An ice dragon (Depths:2)
  3 naga warriors (Snake:3)
  7 vault guards (Vaults:3)
  2 anacondas (Snake:1)
  A two-headed ogre (Vaults:2)
  A tengu warrior (Depths:2)
  An ogre mage (Vaults:3)
  2 death yaks (D:8)
  3 deep troll shamans
  A shock serpent (Snake:1)
  A naga sharpshooter (Snake:1)
  2 dancing weapons
  A deep troll (Depths:5)
  3 centaur warriors
  A salamander mystic (Snake:3)
  2 hell knights (Depths:5)
  A deep elf archer (Vaults:2)
  A naga ritualist (Snake:3)
  A wizard (Vaults:3)
  An orc knight (Orc)
  A necromancer (Crypt:1)
  A deep elf mage (Elf:3)
  7 ugly things
  A phantasmal warrior (Vaults:3)
  2 orb spiders
  2 wolf spiders
  A mana viper (Snake:3)
  2 salamanders (Snake:1)
  A faun (Elf:3)
  4 vault sentinels
  A guardian serpent (Snake:1)
  An elephant (Lair:6)
  2 black mambas
  4 naga magi
  3 demonic crawlers
  2 yaktaurs
  A freezing wraith (Vaults:3)
  A meliai (shapeshifter) (Vaults:3)
  3 hornets
  A wind drake (shapeshifter) (Depths:1)
  4 slime creatures
  3 humans (D:11)
  3 tarantellas
  A yak (Lair:6)
  6 nagas
  5 redbacks
  6 orc warriors
  A phantom (D:10)
  An ogre (Vaults:3)
  A boggart (Vaults:2)
  A bullfrog (shapeshifter) (Spider:2)
  2 centaurs (D:12)
  A crimson imp (D:11)
  A hound (D:10)
  An orc wizard (Orc)
  A worm (shapeshifter) (Depths:3)
  A leopard gecko (D:1)
  5 orcs
  A frilled lizard zombie (Crypt:2)
159 creatures vanquished.

Vanquished Creatures (others)
  A Killer Klown (Zot:2)
  A tentacled monstrosity (Vaults:3)
  2 liches (Crypt:1)
  A titan (Vaults:3)
  A sphinx (Vaults:3)
  A draconian knight (Depths:5)
  A storm dragon (Zot:5)
  A frost giant (Vaults:3)
  A deep elf sorcerer (Elf:3)
  A vault warden (Vaults:3)
  2 stone giants (Depths:2)
  A very ugly thing (Depths:2)
  An ironheart preserver (Vaults:3)
  A vampire knight (Crypt:1)
  A red draconian (Depths:5)
  A green draconian (Depths:5)
  2 eidola
  2 yaktaur captains
  2 naga warriors
  A great orb of eyes (Depths:2)
  2 shadow wraiths
  An ice dragon (Depths:5)
  2 anacondas
  17 vault guards (Vaults:3)
  5 dancing weapons
  A deep troll earth mage (Depths:2)
  An orc high priest (Orc)
  A naga sharpshooter (Snake:3)
  A spriggan berserker (Depths:2)
  2 deep trolls (Depths:5)
  3 centaur warriors (Vaults:2)
  A skeletal warrior (Crypt:2)
  A naga ritualist (Snake:3)
  A phantasmal warrior (Vaults:3)
  An orb spider (Spider:2)
  An ironheart convoker (Vaults:3)
  2 wolf spiders
  A necromancer (Crypt:1)
  2 orc knights
  A mana viper (Snake:3)
  A faun (shapeshifter) (Depths:5)
  2 deep elf magi (Elf:1)
  5 black mambas
  A torpor snail (shapeshifter) (Vaults:3)
  2 naga magi (Snake:3)
  A vault sentinel (Vaults:3)
  7 yaktaurs
  2 demonic crawlers (Spider:1)
  3 water elementals (Depths:3)
  A yak (D:11)
  2 redbacks (Spider:3)
  A warg (Orc)
  4 nagas
  4 hydra simulacra (Depths:3)
  An orc warrior (Orc)
  A dream sheep skeleton (Crypt:2)
  An orc priest (Orc)
  An orc wizard (Orc)
  A worker ant (Spider:2)
  4 orcs
  A rat zombie (Crypt:1)
  13 fungi
  19 plants
  6 withered plants (Spider:1)
156 creatures vanquished.

Grand Total: 2345 creatures vanquished

Notes
Turn   | Place    | Note
-------+----------+-------------------------------------------
     0 | D:1      | Artagas the Gnoll Chaos Knight began the quest for the Orb.
     0 | D:1      | Reached XP level 1. HP: 23/23 MP: 1/1
    10 | D:1      | XOM: potion effect (berserk rage)
    38 | D:1      | XOM: smoke on damage
   181 | D:1      | Reached XP level 2. HP: 27/29 MP: 2/2
   245 | D:1      | XOM: silly message
   386 | D:1      | XOM: harmless Fire miscast
   392 | D:1      | Reached XP level 3. HP: 35/35 MP: 3/3
   468 | D:1      | XOM: noise
   485 | D:1      | XOM: noise
   489 | D:1      | XOM: summons friendly ufetubus
   796 | D:1      | XOM is BORED!
   949 | D:2      | Reached skill level 1 in Invocations
   998 | D:2      | Reached skill level 1 in Short Blades
   998 | D:2      | Reached skill level 1 in Long Blades
   998 | D:2      | Reached skill level 1 in Axes
   998 | D:2      | Reached skill level 1 in Polearms
   998 | D:2      | Reached skill level 1 in Staves
   998 | D:2      | Reached skill level 1 in Slings
   998 | D:2      | Reached skill level 1 in Bows
   998 | D:2      | Reached skill level 1 in Crossbows
   998 | D:2      | Reached skill level 1 in Throwing
   998 | D:2      | Reached skill level 1 in Stealth
   998 | D:2      | Reached skill level 1 in Shields
   998 | D:2      | Reached skill level 1 in Unarmed Combat
   998 | D:2      | Reached skill level 1 in Spellcasting
   998 | D:2      | Reached skill level 1 in Evocations
  1004 | D:2      | Reached XP level 4. HP: 38/41 MP: 5/5
  1312 | D:2      | Found an ancient bone altar of Kikubaaqudgha.
  1318 | D:2      | Reached skill level 1 in Conjurations
  1318 | D:2      | Reached skill level 1 in Hexes
  1318 | D:2      | Reached skill level 1 in Charms
  1318 | D:2      | Reached skill level 1 in Summonings
  1318 | D:2      | Reached skill level 1 in Necromancy
  1318 | D:2      | Reached skill level 1 in Translocations
  1318 | D:2      | Reached skill level 1 in Transmutations
  1318 | D:2      | Reached skill level 1 in Fire Magic
  1318 | D:2      | Reached skill level 1 in Ice Magic
  1318 | D:2      | Reached skill level 1 in Air Magic
  1318 | D:2      | Reached skill level 1 in Earth Magic
  1318 | D:2      | Reached skill level 1 in Poison Magic
  1318 | D:2      | Reached XP level 5. HP: 47/47 MP: 6/6
  1470 | D:2      | Found a faded altar of an unknown god.
  1749 | D:2      | XOM: medium Pois miscast
  1790 | D:2      | XOM: polymorph rat -> worm
  1921 | D:2      | XOM: noise
  2102 | D:3      | Noticed an orc warrior
  2107 | D:3      | XOM: 2-stop teleportation journey
  2116 | D:3      | Reached skill level 3 in Dodging
  2251 | D:3      | Found a blossoming altar of Fedhas.
  2348 | D:3      | XOM: scenery: create altars
  2349 | D:3      | Reached skill level 2 in Invocations
  2349 | D:3      | Reached XP level 6. HP: 48/53 MP: 8/8
  2358 | D:3      | XOM: confusion (+ monsters)
  2362 | D:3      | Reached skill level 5 in Armour
  2371 | D:3      | Reached skill level 2 in Short Blades
  2371 | D:3      | Reached skill level 2 in Long Blades
  2371 | D:3      | Reached skill level 2 in Axes
  2371 | D:3      | Reached skill level 2 in Polearms
  2371 | D:3      | Reached skill level 2 in Staves
  2371 | D:3      | Reached skill level 2 in Slings
  2371 | D:3      | Reached skill level 2 in Bows
  2371 | D:3      | Reached skill level 2 in Crossbows
  2371 | D:3      | Reached skill level 2 in Throwing
  2371 | D:3      | Reached skill level 2 in Stealth
  2371 | D:3      | Reached skill level 2 in Shields
  2371 | D:3      | Reached skill level 2 in Unarmed Combat
  2371 | D:3      | Reached skill level 2 in Spellcasting
  2371 | D:3      | Reached skill level 2 in Evocations
  2544 | D:3      | XOM: noise
  2926 | D:3      | XOM: mild Pois miscast
  3196 | D:3      | XOM: draining
  3278 | D:4      | Reached XP level 7. HP: 59/59 MP: 10/10
  3356 | D:4      | XOM: noise
  3434 | D:4      | Reached skill level 7 in Fighting
  3434 | D:4      | Reached skill level 7 in Maces & Flails
  3492 | D:4      | XOM: smoke on damage
  3501 | D:4      | XOM: potion effect (agility)
  3698 | D:4      | Reached skill level 2 in Conjurations
  3698 | D:4      | Reached skill level 2 in Hexes
  3698 | D:4      | Reached skill level 2 in Charms
  3698 | D:4      | Reached skill level 2 in Summonings
  3698 | D:4      | Reached skill level 2 in Necromancy
  3698 | D:4      | Reached skill level 2 in Translocations
  3698 | D:4      | Reached skill level 2 in Transmutations
  3698 | D:4      | Reached skill level 2 in Fire Magic
  3698 | D:4      | Reached skill level 2 in Ice Magic
  3698 | D:4      | Reached skill level 2 in Air Magic
  3698 | D:4      | Reached skill level 2 in Earth Magic
  3698 | D:4      | Reached skill level 2 in Poison Magic
  4080 | D:4      | XOM: mild Necr miscast
  4201 | D:4      | Noticed Duvessa
  4201 | D:4      | XOM: divination: magic mapping
  4215 | D:4      | Noticed Dowan
  4268 | D:4      | XOM: divination: magic mapping
  4367 | D:4      | Noticed Ijyb
  4383 | D:4      | Killed Ijyb
  4384 | D:4      | Reached skill level 3 in Invocations
  4640 | D:4      | XOM: harmless Necr miscast
  4657 | D:4      | Found an iron altar of Okawaru.
  4780 | D:4      | Reached XP level 8. HP: 55/67 MP: 12/12
  5006 | D:4      | XOM: noise
  5044 | D:3      | Killed Dowan
  5057 | D:3      | Killed Duvessa
  5058 | D:3      | Reached skill level 3 in Short Blades
  5058 | D:3      | Reached skill level 3 in Long Blades
  5058 | D:3      | Reached skill level 3 in Axes
  5058 | D:3      | Reached skill level 3 in Polearms
  5058 | D:3      | Reached skill level 3 in Staves
  5058 | D:3      | Reached skill level 3 in Slings
  5058 | D:3      | Reached skill level 3 in Bows
  5058 | D:3      | Reached skill level 3 in Crossbows
  5058 | D:3      | Reached skill level 3 in Throwing
  5058 | D:3      | Reached skill level 4 in Dodging
  5058 | D:3      | Reached skill level 3 in Stealth
  5058 | D:3      | Reached skill level 3 in Shields
  5058 | D:3      | Reached skill level 3 in Unarmed Combat
  5058 | D:3      | Reached skill level 3 in Spellcasting
  5058 | D:3      | Reached skill level 3 in Evocations
  5101 | D:5      | Entered Level 5 of the Dungeon
  5515 | D:5      | Noticed Prince Ribbit
  5528 | D:5      | Killed Prince Ribbit
  6280 | D:6      | Reached skill level 3 in Conjurations
  6280 | D:6      | Reached skill level 3 in Hexes
  6280 | D:6      | Reached skill level 3 in Charms
  6280 | D:6      | Reached skill level 3 in Summonings
  6280 | D:6      | Reached skill level 3 in Necromancy
  6280 | D:6      | Reached skill level 3 in Translocations
  6280 | D:6      | Reached skill level 3 in Transmutations
  6280 | D:6      | Reached skill level 3 in Fire Magic
  6280 | D:6      | Reached skill level 3 in Ice Magic
  6280 | D:6      | Reached skill level 3 in Air Magic
  6280 | D:6      | Reached skill level 3 in Earth Magic
  6280 | D:6      | Reached skill level 3 in Poison Magic
  6280 | D:6      | Reached skill level 4 in Invocations
  6307 | D:5      | XOM: swap monsters
  6308 | D:5      | XOM: summons friendly crimson imp
  6471 | D:6      | XOM: give mutations
  6471 | D:6      | Gained mutation: Your movements are slightly less
                  | encumbered by armour. (ER -2) [Xom's grace]
  6471 | D:6      | Gained mutation: You expend magic power (3 MP) to
                  | strengthen your wands. [Xom's grace]
  6471 | D:6      | Gained mutation: Your system is resistant to poisons.
                  | (rPois) [Xom's grace]
  6471 | D:6      | Gained mutation: You are robust. (+10% HP) [Xom's grace]
  6529 | D:6      | XOM: scenery: create altars
  6551 | D:6      | Reached skill level 6 in Armour
  6551 | D:6      | Reached XP level 9. HP: 77/79 MP: 14/14
  6762 | D:6      | XOM: god gift: wand of polymorph (22)
  6898 | D:6      | XOM: give mutations
  6898 | D:6      | Gained mutation: You have a pair of small horns on your
                  | head. [Xom's grace]
  6898 | D:6      | Gained mutation: Your mind is acute. (Int +2) [Xom's grace]
  6936 | D:6      | Reached skill level 4 in Short Blades
  6936 | D:6      | Reached skill level 4 in Long Blades
  6936 | D:6      | Reached skill level 4 in Axes
  6936 | D:6      | Reached skill level 4 in Polearms
  6936 | D:6      | Reached skill level 4 in Staves
  6936 | D:6      | Reached skill level 4 in Slings
  6936 | D:6      | Reached skill level 4 in Bows
  6936 | D:6      | Reached skill level 4 in Crossbows
  6936 | D:6      | Reached skill level 4 in Throwing
  6936 | D:6      | Reached skill level 4 in Stealth
  6936 | D:6      | Reached skill level 4 in Shields
  6936 | D:6      | Reached skill level 4 in Unarmed Combat
  6936 | D:6      | Reached skill level 4 in Spellcasting
  6936 | D:6      | Reached skill level 4 in Evocations
  6951 | D:6      | XOM: scenery: create altars
  7106 | D:6      | Found a sparkling altar of Nemelex Xobeh.
  7112 | D:6      | XOM: blink monster(s)
  7237 | D:6      | Found a basalt altar of Yredelemnul.
  7245 | D:6      | Noticed a troll
  7246 | D:6      | XOM: mild Erth miscast
  7249 | D:6      | XOM: harmless Ice miscast
  7255 | D:6      | Killed a troll
  7256 | D:6      | Reached skill level 5 in Dodging
  7372 | D:6      | XOM: torment (48/81 hp)
  7526 | D:6      | XOM: harmless Necr miscast
  7529 | D:6      | XOM: medium Conj miscast
  7637 | D:6      | Got a shimmering jade amulet
  7764 | D:6      | XOM: give mutation
  7764 | D:6      | Gained mutation: Your muscles are strong. (Str +2) [Xom's
                  | grace]
  7851 | D:7      | Found a staircase to the Ecumenical Temple.
  7869 | Temple   | Entered the Ecumenical Temple
  7969 | Temple   | XOM: god gift: scroll of amnesia
  7980 | Temple   | Fell from the grace of Xom
  7980 | Temple   | Became a worshipper of Qazlal Stormbringer
  8035 | D:7      | XOM: god gift: scroll labeled WUJERGH SOCHEO {god gift}
  8037 | D:7      | Identified the cursed amulet of the Muttering Hero {Inacc
                  | SInv} (You found it on level 6 of the Dungeon)
  8105 | D:7      | Reached skill level 8 in Fighting
  8105 | D:7      | Reached skill level 8 in Maces & Flails
  8134 | D:7      | XOM: polymorph iguana -> worker ant
  8326 | D:7      | Noticed a troll
  8339 | D:7      | XOM: god gift: potion of ambrosia
  8347 | D:7      | Killed a troll
  8348 | D:7      | Reached skill level 5 in Invocations
  8440 | D:7      | XOM: harmless Ice miscast
  8631 | D:7      | XOM: cast spell 'Alistair's Intoxication'
  8634 | D:7      | Reached XP level 10. HP: 87/87 MP: 17/17
  8778 | D:7      | XOM: 5-stop teleportation journey
  8814 | D:7      | XOM: blink monster(s)
  8827 | D:7      | XOM: summons friendly ufetubus
  8841 | D:7      | Reached skill level 4 in Conjurations
  8841 | D:7      | Reached skill level 4 in Hexes
  8841 | D:7      | Reached skill level 4 in Charms
  8841 | D:7      | Reached skill level 4 in Summonings
  8841 | D:7      | Reached skill level 4 in Necromancy
  8841 | D:7      | Reached skill level 4 in Translocations
  8841 | D:7      | Reached skill level 4 in Transmutations
  8841 | D:7      | Reached skill level 4 in Fire Magic
  8841 | D:7      | Reached skill level 4 in Ice Magic
  8841 | D:7      | Reached skill level 4 in Air Magic
  8841 | D:7      | Reached skill level 4 in Earth Magic
  8841 | D:7      | Reached skill level 4 in Poison Magic
  8878 | D:7      | XOM is BORED!
  8878 | D:7      | XOM: give mutations
  8878 | D:7      | Lost mutation: You are robust. (+10% HP) [Xom's mischief]
  8878 | D:7      | Lost mutation: Your muscles are strong. (Str +2) [Xom's
                  | mischief]
  8878 | D:7      | Lost mutation: Your mind is acute. (Int +2) [Xom's
                  | mischief]
  8992 | D:7      | Found a sacrificial altar of Ru.
  9168 | D:8      | XOM: scenery: create altars
  9263 | D:8      | Reached * piety under Qazlal
  9290 | D:8      | Found Ofoprepn's Lightly-Used Armoury.
  9317 | D:8      | Noticed a death yak
  9319 | D:8      | Noticed a death yak
  9323 | D:8      | Noticed a death yak
  9344 | D:8      | XOM: confuse monster(s)
  9353 | D:8      | XOM: enchant monster (good)
  9383 | D:8      | XOM: confuse monster(s)
  9397 | D:8      | Killed a death yak
  9398 | D:8      | Reached skill level 5 in Short Blades
  9398 | D:8      | Reached skill level 5 in Long Blades
  9398 | D:8      | Reached skill level 5 in Axes
  9398 | D:8      | Reached skill level 5 in Polearms
  9398 | D:8      | Reached skill level 5 in Staves
  9398 | D:8      | Reached skill level 5 in Slings
  9398 | D:8      | Reached skill level 5 in Bows
  9398 | D:8      | Reached skill level 5 in Crossbows
  9398 | D:8      | Reached skill level 5 in Throwing
  9398 | D:8      | Reached skill level 5 in Stealth
  9398 | D:8      | Reached skill level 5 in Shields
  9398 | D:8      | Reached skill level 5 in Unarmed Combat
  9398 | D:8      | Reached skill level 5 in Spellcasting
  9398 | D:8      | Reached skill level 5 in Evocations
  9454 | D:8      | Found a shimmering blue altar of Sif Muna.
  9454 | D:8      | Found a snail-covered altar of Cheibriados.
  9454 | D:8      | XOM: 7-stop teleportation journey
  9463 | D:8      | XOM: summons friendly shadow imp
  9468 | D:8      | XOM: confuse monster(s)
  9501 | D:8      | Killed a death yak
  9502 | D:8      | Reached skill level 7 in Armour
  9505 | D:8      | XOM: divine lightning
  9508 | D:7      | XOM: cleaving
  9515 | D:7      | XOM: cleaving
  9516 | D:7      | XOM: divination: magic mapping
  9551 | D:7      | HP: 11/82 [death yak (14)]
  9553 | D:7      | XOM: scenery: 2 doors open, 2 doors close
  9569 | D:7      | XOM: enchant monster (good)
  9749 | D:8      | XOM: scenery: create altars
  9759 | D:8      | Reached skill level 6 in Dodging
  9876 | D:8      | XOM: medium Conj miscast
  9909 | D:8      | XOM: noise
  9919 | D:8      | Found a shimmering altar of Xom.
  9920 | D:8      | Found a shimmering altar of Xom.
  9920 | D:8      | Found a shimmering altar of Xom.
  9923 | D:8      | Found a shimmering altar of Xom.
  9994 | D:8      | Found a staircase to the Lair.
 10001 | D:8      | XOM: harmless Tmut miscast
 10096 | D:8      | Reached skill level 6 in Invocations
 10150 | D:8      | XOM: confuse monster(s)
 10276 | D:8      | XOM: give mutations
 10276 | D:8      | Lost mutation: You expend magic power (3 MP) to strengthen
                  | your wands. [Xom's mischief]
 10276 | D:8      | Gained mutation: You have sharp toenails. [Xom's mischief]
 10362 | D:8      | Found an opulent altar of Gozag.
 10485 | D:8      | XOM: mild Summ miscast
 10716 | Lair:1   | Entered Level 1 of the Lair of Beasts
 10791 | Lair:1   | XOM: medium Conj miscast
 10873 | Lair:1   | XOM: noise
 10875 | Lair:1   | XOM: potion effect (might)
 10895 | Lair:1   | XOM: mild Tloc miscast
 10943 | Lair:1   | XOM: noise
 10957 | Lair:1   | XOM: harmless Erth miscast
 10966 | Lair:1   | XOM: noise
 10968 | Lair:1   | XOM: summons friendly shadow imp
 10987 | Lair:1   | XOM: potion effect (curing)
 10994 | Lair:1   | Reached ** piety under Qazlal
 10995 | Lair:1   | Reached XP level 11. HP: 36/87 MP: 14/19
 11271 | Lair:1   | XOM: silly message
 11305 | Lair:1   | XOM: harmless Hex miscast
 11476 | Lair:1   | Noticed a death yak
 11476 | Lair:1   | XOM: enchant monster (bad)
 11476 | Lair:1   | Noticed a death yak
 11478 | Lair:1   | Noticed a death yak
 11479 | Lair:1   | Noticed a death yak
 11481 | Lair:1   | Noticed a death yak
 11485 | Lair:1   | XOM: harmless Necr miscast
 11499 | Lair:1   | XOM: silly message
 11530 | Lair:1   | XOM: enchant monster (bad)
 11533 | Lair:1   | XOM: noise
 11538 | Lair:1   | XOM: cast spell 'Summon Scorpions'
 11553 | Lair:1   | XOM: chaos cloud
 11557 | Lair:1   | XOM: potion effect (magic)
 11563 | D:8      | Noticed a storm dragon
 11563 | D:8      | a death yak changed into a storm dragon
 11563 | D:8      | XOM: polymorph death yak -> storm dragon
 11662 | D:8      | XOM: harmless Air miscast
 11663 | D:8      | a storm dragon changed into something unseen
 11663 | D:8      | XOM: polymorph storm dragon -> something unseen
 11665 | D:8      | Noticed a ghost moth
 11674 | D:8      | XOM: harmless Chrm miscast
 11680 | D:8      | XOM: enchant monster (good)
 11685 | D:7      | Killed a ghost moth
 11686 | D:7      | Reached skill level 9 in Fighting
 11686 | D:7      | Reached skill level 6 in Short Blades
 11686 | D:7      | Reached skill level 6 in Long Blades
 11686 | D:7      | Reached skill level 6 in Axes
 11686 | D:7      | Reached skill level 9 in Maces & Flails
 11686 | D:7      | Reached skill level 6 in Polearms
 11686 | D:7      | Reached skill level 6 in Staves
 11686 | D:7      | Reached skill level 6 in Slings
 11686 | D:7      | Reached skill level 6 in Bows
 11686 | D:7      | Reached skill level 6 in Crossbows
 11686 | D:7      | Reached skill level 6 in Throwing
 11686 | D:7      | Reached skill level 6 in Stealth
 11686 | D:7      | Reached skill level 6 in Shields
 11686 | D:7      | Reached skill level 6 in Unarmed Combat
 11686 | D:7      | Reached skill level 6 in Spellcasting
 11686 | D:7      | Reached skill level 5 in Conjurations
 11686 | D:7      | Reached skill level 5 in Hexes
 11686 | D:7      | Reached skill level 5 in Charms
 11686 | D:7      | Reached skill level 5 in Summonings
 11686 | D:7      | Reached skill level 5 in Necromancy
 11686 | D:7      | Reached skill level 5 in Translocations
 11686 | D:7      | Reached skill level 5 in Transmutations
 11686 | D:7      | Reached skill level 5 in Fire Magic
 11686 | D:7      | Reached skill level 5 in Ice Magic
 11686 | D:7      | Reached skill level 5 in Air Magic
 11686 | D:7      | Reached skill level 5 in Earth Magic
 11686 | D:7      | Reached skill level 5 in Poison Magic
 11686 | D:7      | Reached skill level 6 in Evocations
 11718 | D:7      | XOM: harmless Ice miscast
 11756 | D:8      | Killed a death yak
 11863 | D:8      | XOM: noise
 11865 | D:8      | XOM: cast spell 'Call Canine Familiar'
 11870 | D:8      | XOM: cast spell 'Summon Small Mammal'
 11891 | D:8      | XOM: silly message
 11922 | D:8      | HP: 2/89 [death yak (13)]
 12235 | D:7      | XOM: give mutations
 12235 | D:7      | Gained mutation: You are resistant to hostile enchantments.
                  | (MR+) [Xom's grace]
 12235 | D:7      | Gained mutation: You are partially covered in icy blue
                  | scales. (AC +2) [Xom's grace]
 12235 | D:7      | Gained mutation: You possess an exceptional clarity of
                  | mind. [Xom's grace]
 12235 | D:7      | Gained mutation: Your spells are a little harder to cast,
                  | but a little more powerful. [Xom's grace]
 12352 | D:8      | XOM: summons 2 friendly demons
 12356 | D:8      | XOM: fog
 12360 | D:8      | Killed a death yak
 12468 | D:8      | XOM: cast spell 'Death Channel'
 12473 | D:8      | Killed a death yak
 12474 | D:8      | Reached skill level 7 in Invocations
 12516 | D:8      | Killed a death yak
 12517 | D:8      | Reached skill level 8 in Armour
 12517 | D:8      | Reached skill level 7 in Dodging
 12642 | Lair:1   | Got a spiked ring mail
 13364 | Lair:2   | XOM: snakes to sticks
 13431 | Lair:2   | XOM: potion effect (berserk rage)
 13703 | Lair:2   | XOM: cleaving
 13712 | Lair:2   | Reached XP level 12. HP: 61/96 MP: 15/22
 13776 | Lair:2   | XOM: harmless Conj miscast
 13819 | Lair:2   | Found a hole to the Spider Nest.
 13840 | Lair:2   | XOM: divination: detect items
 13883 | Lair:2   | XOM: scenery: create altars
 14214 | Lair:2   | Got a heavily runed ring mail
 14282 | Lair:2   | XOM: summons friendly shadow imp
 14576 | Lair:3   | Reached skill level 7 in Short Blades
 14576 | Lair:3   | Reached skill level 7 in Long Blades
 14576 | Lair:3   | Reached skill level 7 in Axes
 14576 | Lair:3   | Reached skill level 7 in Polearms
 14576 | Lair:3   | Reached skill level 7 in Staves
 14576 | Lair:3   | Reached skill level 7 in Slings
 14576 | Lair:3   | Reached skill level 7 in Bows
 14576 | Lair:3   | Reached skill level 7 in Crossbows
 14576 | Lair:3   | Reached skill level 7 in Throwing
 14576 | Lair:3   | Reached skill level 7 in Stealth
 14576 | Lair:3   | Reached skill level 7 in Shields
 14576 | Lair:3   | Reached skill level 7 in Unarmed Combat
 14576 | Lair:3   | Reached skill level 7 in Spellcasting
 14576 | Lair:3   | Reached skill level 7 in Evocations
 14601 | Lair:3   | XOM: confuse monster(s)
 14745 | Lair:3   | XOM: give mutations
 14745 | Lair:3   | Lost mutation: You are resistant to hostile enchantments.
                  | (MR+) [Xom's mischief]
 14745 | Lair:3   | Lost mutation: You possess an exceptional clarity of mind.
                  | [Xom's mischief]
 14745 | Lair:3   | Lost mutation: Your spells are a little harder to cast, but
                  | a little more powerful. [Xom's mischief]
 14841 | Lair:3   | XOM: mild Tmut miscast
 14862 | Lair:3   | Reached skill level 6 in Conjurations
 14862 | Lair:3   | Reached skill level 6 in Hexes
 14862 | Lair:3   | Reached skill level 6 in Charms
 14862 | Lair:3   | Reached skill level 6 in Summonings
 14862 | Lair:3   | Reached skill level 6 in Necromancy
 14862 | Lair:3   | Reached skill level 6 in Translocations
 14862 | Lair:3   | Reached skill level 6 in Transmutations
 14862 | Lair:3   | Reached skill level 6 in Fire Magic
 14862 | Lair:3   | Reached skill level 6 in Ice Magic
 14862 | Lair:3   | Reached skill level 6 in Air Magic
 14862 | Lair:3   | Reached skill level 6 in Earth Magic
 14862 | Lair:3   | Reached skill level 6 in Poison Magic
 14878 | Lair:3   | XOM: harmless Erth miscast
 15012 | Lair:3   | Reached skill level 8 in Invocations
 15014 | Lair:3   | XOM: smoke on damage
 15175 | Lair:3   | Got a steaming lead ring
 15176 | Lair:3   | Identified the cursed ring of Fallacy {*Tele rElec} (You
                  | found it on level 3 of the Lair of Beasts)
 15190 | Lair:3   | Identified the cursed +0 ring mail of Qisor {Slay+2} (You
                  | found it on level 1 of the Lair of Beasts)
 15229 | Lair:3   | Noticed a five-headed hydra
 15238 | Lair:3   | Killed a five-headed hydra
 15279 | Lair:3   | XOM: harmless Hex miscast
 15331 | Lair:3   | XOM: harmless Fire miscast
 15344 | Lair:3   | XOM: 5-stop teleportation journey
 15434 | Lair:3   | XOM: harmless Tloc miscast
 15440 | Lair:3   | XOM: harmless Tmut miscast
 15442 | Lair:3   | XOM: enchant monster (good)
 15444 | Lair:3   | Reached skill level 10 in Fighting
 15444 | Lair:3   | Reached skill level 10 in Maces & Flails
 15444 | Lair:3   | Reached skill level 8 in Dodging
 15561 | Lair:3   | XOM: polymorph porcupine -> scorpion
 15563 | Lair:3   | XOM: summons friendly shadow imp
 15730 | Lair:3   | XOM: polymorph yak -> glowing orange brain
 15734 | Lair:3   | XOM: smoke on damage
 15746 | Lair:3   | Reached skill level 9 in Armour
 16162 | Lair:4   | XOM: harmless Summ miscast
 16167 | Lair:4   | Reached XP level 13. HP: 96/103 MP: 18/24
 16190 | Lair:4   | Found a staircase to the Snake Pit.
 16204 | Lair:4   | XOM: harmless Fire miscast
 16223 | Lair:4   | XOM: cleaving
 16358 | Lair:3   | XOM: silly message
 16407 | Lair:3   | XOM: harmless Tmut miscast
 16664 | Lair:4   | XOM: potion effect (invisibility)
 16701 | Lair:3   | XOM: harmless Erth miscast
 16804 | Lair:3   | XOM: mild Summ miscast
 16948 | Lair:4   | XOM: confuse monster(s)
 16949 | Lair:4   | XOM: divination: detect items
 16957 | Lair:4   | Reached skill level 8 in Short Blades
 16957 | Lair:4   | Reached skill level 8 in Long Blades
 16957 | Lair:4   | Reached skill level 8 in Axes
 16957 | Lair:4   | Reached skill level 8 in Polearms
 16957 | Lair:4   | Reached skill level 8 in Staves
 16957 | Lair:4   | Reached skill level 8 in Slings
 16957 | Lair:4   | Reached skill level 8 in Bows
 16957 | Lair:4   | Reached skill level 8 in Crossbows
 16957 | Lair:4   | Reached skill level 8 in Throwing
 16957 | Lair:4   | Reached skill level 8 in Stealth
 16957 | Lair:4   | Reached skill level 8 in Shields
 16957 | Lair:4   | Reached skill level 8 in Unarmed Combat
 16957 | Lair:4   | Reached skill level 8 in Spellcasting
 16957 | Lair:4   | Reached skill level 8 in Evocations
 16957 | Lair:4   | XOM: confuse monster(s)
 16961 | Lair:4   | XOM: noise
 17133 | Lair:4   | Got a crude rapier
 17134 | Lair:4   | Identified the +5 rapier of the Smoking Visionary {elec,
                  | +Inv rC- MP+9 Int+10} (You found it on level 4 of the Lair
                  | of Beasts)
 17166 | Lair:4   | XOM: divination: magic mapping
 17230 | Lair:4   | Reached *** piety under Qazlal
 17802 | Lair:4   | Identified the cursed +0 ring mail "Trusted Companion" {MR+
                  | Str+2 Int+2} (You found it on level 2 of the Lair of
                  | Beasts)
 17882 | Lair:5   | Reached skill level 9 in Invocations
 17882 | Lair:5   | XOM: potion effect (heal wounds)
 17957 | Lair:4   | XOM: divination: detect creatures
 18034 | Lair:4   | XOM: harmless Hex miscast
 18042 | Lair:4   | XOM: harmless Tloc miscast
 18076 | Lair:4   | XOM: divination: detect items
 18131 | Lair:4   | XOM: harmless Ice miscast
 18167 | Lair:5   | Reached skill level 7 in Conjurations
 18167 | Lair:5   | Reached skill level 7 in Hexes
 18167 | Lair:5   | Reached skill level 7 in Charms
 18167 | Lair:5   | Reached skill level 7 in Summonings
 18167 | Lair:5   | Reached skill level 7 in Necromancy
 18167 | Lair:5   | Reached skill level 7 in Translocations
 18167 | Lair:5   | Reached skill level 7 in Transmutations
 18167 | Lair:5   | Reached skill level 7 in Fire Magic
 18167 | Lair:5   | Reached skill level 7 in Ice Magic
 18167 | Lair:5   | Reached skill level 7 in Air Magic
 18167 | Lair:5   | Reached skill level 7 in Earth Magic
 18167 | Lair:5   | Reached skill level 7 in Poison Magic
 18249 | Lair:5   | XOM: scenery: create altars
 18256 | Lair:5   | XOM: god gift: 132 arrows
 18606 | Lair:5   | XOM: cloud trail
 18831 | Lair:6   | Entered Level 6 of the Lair of Beasts
 18849 | Lair:6   | XOM: summons friendly quasit
 18856 | Lair:6   | XOM: summons friendly white imp
 18862 | Lair:6   | XOM: destruction
 18891 | Lair:6   | XOM: confuse monster(s)
 18963 | Lair:5   | Reached skill level 9 in Dodging
 18968 | Lair:5   | XOM: noise
 19119 | Lair:6   | XOM: confuse monster(s)
 19133 | Lair:6   | Reached XP level 14. HP: 97/111 MP: 26/26
 19136 | Lair:6   | XOM: enchant monster (good)
 19162 | Lair:6   | XOM: blink monster(s)
 19190 | Lair:6   | XOM: confusion (+ monsters)
 19203 | Lair:6   | Reached **** piety under Qazlal
 19377 | Lair:6   | Found a runed translucent gate.
 19378 | Lair:6   | Found a runed translucent gate.
 19379 | Lair:6   | Found a runed translucent gate.
 19379 | Lair:6   | Noticed Nebesus's ghost (journeyman NaNe)
 19428 | Lair:6   | Reached skill level 10 in Armour
 19478 | Lair:6   | XOM: harmless Tloc miscast
 19509 | Lair:6   | XOM: noise
 19565 | Lair:6   | XOM: divination: magic mapping
 19567 | Lair:6   | XOM: cast spell 'Summon Butterflies'
 19582 | Lair:6   | XOM: enchant monster (bad)
 19596 | Lair:6   | XOM: swap monsters
 19776 | Lair:6   | XOM: enchant monster (bad)
 19796 | Lair:6   | Reached skill level 11 in Fighting
 19796 | Lair:6   | Reached skill level 11 in Maces & Flails
 19822 | Lair:6   | Reached skill level 9 in Short Blades
 19822 | Lair:6   | Reached skill level 9 in Long Blades
 19822 | Lair:6   | Reached skill level 9 in Axes
 19822 | Lair:6   | Reached skill level 9 in Polearms
 19822 | Lair:6   | Reached skill level 9 in Staves
 19822 | Lair:6   | Reached skill level 9 in Slings
 19822 | Lair:6   | Reached skill level 9 in Bows
 19822 | Lair:6   | Reached skill level 9 in Crossbows
 19822 | Lair:6   | Reached skill level 9 in Throwing
 19822 | Lair:6   | Reached skill level 9 in Stealth
 19822 | Lair:6   | Reached skill level 9 in Shields
 19822 | Lair:6   | Reached skill level 9 in Unarmed Combat
 19822 | Lair:6   | Reached skill level 9 in Spellcasting
 19822 | Lair:6   | Reached skill level 9 in Evocations
 19865 | Lair:6   | XOM: 3-stop teleportation journey
 19893 | Lair:6   | XOM: harmless Ice miscast
 19975 | Lair:6   | XOM: 1-stop teleportation journey
 20040 | Lair:6   | Found a runed door.
 20041 | Lair:6   | Found a viscous altar of Jiyva.
 20041 | Lair:6   | Noticed an acid blob
 20043 | Lair:6   | Found a staircase to the Slime Pits.
 20084 | Lair:6   | XOM: divination: detect creatures
 20377 | Lair:6   | XOM: noise
 20427 | Lair:6   | XOM: scenery: create altars
 20431 | Lair:6   | XOM: polymorph wolf -> boggart
 20443 | Lair:6   | Reached ***** piety under Qazlal
 20450 | Lair:6   | XOM: enchant monster (good)
 21075 | D:9      | Reached skill level 10 in Invocations
 21091 | D:9      | XOM: cast spell 'Steam Barrier'
 21105 | D:9      | XOM: divination: detect items
 21378 | D:9      | XOM: give mutations
 21378 | D:9      | Gained mutation: You are partially covered in slimy green
                  | scales. (AC +2) [Xom's grace]
 21378 | D:9      | Gained mutation: You are resistant to hostile enchantments.
                  | (MR+) [Xom's grace]
 21378 | D:9      | Gained mutation: Your flesh is heat resistant. (rF+) [Xom's
                  | grace]
 21378 | D:9      | Gained mutation: You are highly resistant to hostile
                  | enchantments. (MR++) [Xom's grace]
 21435 | D:9      | XOM: cast spell 'Shadow Creatures'
 21443 | D:9      | XOM: blink monster(s)
 21657 | D:9      | XOM: 1-stop teleportation journey
 21770 | D:9      | XOM: mild Erth miscast
 21875 | D:9      | XOM: draining
 21962 | D:9      | Noticed Tiareth's ghost (journeyman DgWz)
 21965 | D:9      | Found a transporter.
 21977 | D:9      | Found a transporter.
 22159 | D:9      | Found a staircase to the Orcish Mines.
 22161 | D:9      | Identified Xom's Almanac of Calling and the Traveller (Xom
                  | gifted it to you on level 9 of the Dungeon)
 22161 | D:9      | XOM: god gift: Xom's Almanac of Calling and the Traveller
 22233 | D:9      | XOM: scenery: create altars
 22271 | D:9      | Found a hide-covered altar of Uskayaw.
 22378 | D:10     | Entered Level 10 of the Dungeon
 22402 | D:10     | Found a flagged portal.
 22414 | Bailey   | Entered a bailey
 22778 | Bailey   | XOM: give mutation
 22778 | Bailey   | Gained mutation: You are extremely resistant to the effects
                  | of hostile enchantments. (MR+++) [Xom's grace]
 23063 | Bailey   | Identified a scroll of acquirement
 23063 | Bailey   | Identified the +8 eveningstar of Tauweon {freeze, rF+ rN+
                  | Int+4} (You acquired it in a bailey)
 23063 | Bailey   | Identified the +8 medium shield "Aliek" {rC+ Int+4 Stlth+}
                  | (You acquired it in a bailey)
 23208 | D:10     | Noticed Erica
 23208 | D:10     | XOM: summons friendly red devil
 23216 | D:10     | Killed Erica
 23275 | D:10     | Noticed Nergalle
 23281 | D:10     | Killed Nergalle
 23585 | D:10     | XOM: 3-stop teleportation journey
 23702 | D:10     | XOM: summons 7 hostile demons
 23873 | D:10     | XOM: polymorph orc priest -> adder
 23876 | D:10     | XOM: summons 4 hostile demons
 23887 | D:10     | XOM: give mutations
 23887 | D:10     | Lost mutation: Your system is resistant to poisons. (rPois)
                  | [Xom's mischief]
 23887 | D:10     | Gained mutation: Your flesh is cold resistant. (rC+) [Xom's
                  | mischief]
 23887 | D:10     | Lost mutation: You have sharp toenails. [Xom's mischief]
 23887 | D:10     | Gained mutation: You are dopey. (Int -2) [Xom's mischief]
 24093 | D:10     | XOM: harmless Erth miscast
 24304 | D:11     | Reached skill level 8 in Conjurations
 24304 | D:11     | Reached skill level 8 in Hexes
 24304 | D:11     | Reached skill level 8 in Charms
 24304 | D:11     | Reached skill level 8 in Summonings
 24304 | D:11     | Reached skill level 8 in Necromancy
 24304 | D:11     | Reached skill level 8 in Translocations
 24304 | D:11     | Reached skill level 8 in Transmutations
 24304 | D:11     | Reached skill level 8 in Fire Magic
 24304 | D:11     | Reached skill level 8 in Ice Magic
 24304 | D:11     | Reached skill level 8 in Air Magic
 24304 | D:11     | Reached skill level 8 in Earth Magic
 24304 | D:11     | Reached skill level 8 in Poison Magic
 24308 | D:11     | Reached XP level 15. HP: 116/119 MP: 26/28
 24383 | D:11     | XOM is BORED!
 24383 | D:11     | XOM: 2-stop teleportation journey
 24461 | D:11     | Reached skill level 10 in Dodging
 24474 | D:11     | Reached ****** piety under Qazlal
 24475 | D:11     | Reached skill level 10 in Shields
 25079 | D:11     | Found a gate to the Vaults.
 25144 | D:11     | Noticed Urug
 25148 | D:11     | XOM: confuse monster(s)
 25150 | D:11     | Killed Urug
 25173 | D:11     | XOM: enchant monster (good)
 25331 | D:11     | XOM: scenery: 2 doors open, 1 doors close
 25690 | D:12     | Entered Level 12 of the Dungeon
 25698 | D:12     | XOM: summons friendly crimson imp
 25701 | D:12     | XOM: cast spell 'Death Channel'
 25783 | D:12     | XOM: fog
 25815 | D:12     | XOM: enchant monster (good)
 25816 | D:12     | Reached skill level 10 in Short Blades
 25816 | D:12     | Reached skill level 10 in Long Blades
 25816 | D:12     | Reached skill level 10 in Axes
 25816 | D:12     | Reached skill level 10 in Polearms
 25816 | D:12     | Reached skill level 10 in Staves
 25816 | D:12     | Reached skill level 10 in Slings
 25816 | D:12     | Reached skill level 10 in Bows
 25816 | D:12     | Reached skill level 10 in Crossbows
 25816 | D:12     | Reached skill level 10 in Throwing
 25816 | D:12     | Reached skill level 10 in Stealth
 25816 | D:12     | Reached skill level 10 in Unarmed Combat
 25816 | D:12     | Reached skill level 10 in Spellcasting
 25816 | D:12     | Reached skill level 10 in Evocations
 25923 | D:12     | XOM: mild Erth miscast
 26032 | D:12     | XOM: medium Air miscast
 26047 | D:12     | Reached skill level 11 in Armour
 26221 | D:12     | XOM: confuse monster(s)
 26334 | D:12     | Got a bloodstained mace {@q1}
 26455 | D:12     | Found a staircase to the Depths.
 26514 | D:12     | XOM is BORED!
 26872 | Orc      | Entered the Orcish Mines
 26872 | Orc      | Found a staircase to the Elven Halls.
 26873 | Orc      | Noticed Saint Roka
 26876 | Orc      | Found Qavaib's Antique Armour Shoppe.
 26877 | Orc      | Noticed Nessos
 26881 | Orc      | XOM: smoke on damage
 26884 | Orc      | Killed Saint Roka
 26885 | Orc      | Reached skill level 11 in Invocations
 27057 | Orc      | Killed Nessos
 27058 | Orc      | Reached skill level 11 in Shields
 27076 | Orc      | Reached skill level 12 in Fighting
 27076 | Orc      | Reached skill level 12 in Maces & Flails
 27093 | Orc      | XOM: cleaving
 27100 | Orc      | Reached XP level 16. HP: 51/127 MP: 17/30
 27187 | D:9      | XOM: harmless Conj miscast
 27378 | Orc      | XOM: cast spell 'Summon Mana Viper'
 27408 | Orc      | XOM: enchant monster (bad)
 27550 | Orc      | XOM: confuse monster(s)
 27648 | Orc      | XOM: summons 3 friendly demons
 27728 | Orc      | XOM: mild Tmut miscast
 27784 | Orc      | Found Niybykk's General Store.
 27792 | Orc      | Bought a scroll of teleportation for 45 gold pieces
 27792 | Orc      | Bought a potion of cancellation for 75 gold pieces
 27868 | Orc      | Found Menoch's Book Boutique.
 27930 | Orc      | Found a roughly hewn altar of Beogh.
 27992 | Orc      | Found Lafol's Book Boutique.
 28041 | Orc      | Found Gicsydekh's Antique Weapon Emporium.
 28050 | Orc      | Bought a buzzing broad axe for 144 gold pieces
 28050 | Orc      | Identified the +5 broad axe "Yjahets" {holy, rN++} (You
                  | bought it in a shop in the Orcish Mines)
 28053 | Orc      | Found Baobypt's Weapon Shoppe.
 28204 | Orc      | Bought an uncursed ring of poison resistance for 300 gold
                  | pieces
 28204 | Orc      | Identified the +11 mace of Attainder {venom, *Contam MR+
                  | Str+4 Dex+2, @q1} (You found it on level 12 of the Dungeon)
 28374 | Orc      | Bought a runed medium shield for 210 gold pieces
 28374 | Orc      | Bought a fading chain mail for 266 gold pieces
 28397 | Orc      | Identified the cursed +1 chain mail "Qoussan" {rC+ Str+3
                  | Int-5} (You bought it in a shop in the Orcish Mines)
 28581 | Lair:2   | XOM: divination: detect items
 28593 | Spider:1 | Entered Level 1 of the Spider Nest
 28596 | Spider:1 | Got a sparkling steel ring
 28597 | Spider:1 | Identified the ring of Oraf {Fire +Inv} (You found it on
                  | level 1 of the Spider Nest)
 28622 | Spider:1 | XOM: confuse monster(s)
 28687 | Spider:1 | XOM: 2-stop teleportation journey
 28702 | Spider:1 | Identified the cursed +0 medium shield "Zeffybiph" {Str+2
                  | Int+2}
 28702 | Spider:1 | Noticed Asterion
 28708 | Spider:1 | Killed Asterion
 28846 | Spider:1 | Got a crude longbow
 28924 | Spider:1 | Found a runed translucent gate.
 28924 | Spider:1 | Found a runed translucent gate.
 28924 | Spider:1 | Found a runed translucent gate.
 28926 | Spider:1 | Noticed Cris's ghost (journeyman FrCj)
 28928 | Spider:1 | Noticed kosoiffoigrumme1174's ghost (journeyman TrAc)
 29164 | Spider:1 | XOM: mild Ice miscast
 29404 | Spider:2 | XOM: divination: detect creatures
 29418 | Spider:2 | XOM: potion effect (agility)
 29421 | Spider:2 | Reached skill level 9 in Conjurations
 29421 | Spider:2 | Reached skill level 9 in Hexes
 29421 | Spider:2 | Reached skill level 9 in Charms
 29421 | Spider:2 | Reached skill level 9 in Summonings
 29421 | Spider:2 | Reached skill level 9 in Necromancy
 29421 | Spider:2 | Reached skill level 9 in Translocations
 29421 | Spider:2 | Reached skill level 9 in Transmutations
 29421 | Spider:2 | Reached skill level 9 in Fire Magic
 29421 | Spider:2 | Reached skill level 9 in Ice Magic
 29421 | Spider:2 | Reached skill level 9 in Air Magic
 29421 | Spider:2 | Reached skill level 9 in Earth Magic
 29421 | Spider:2 | Reached skill level 9 in Poison Magic
 29446 | Spider:2 | XOM: polymorph orb spider -> yak
 29600 | Spider:2 | XOM: summons friendly shadow imp
 29606 | Spider:2 | XOM: cast spell 'Time Stop'
 29607 | Spider:2 | XOM: scenery: create altars
 29609 | Spider:2 | XOM: confuse monster(s)
 29611 | Spider:2 | Reached skill level 11 in Dodging
 29611 | Spider:2 | XOM: potion effect (curing)
 29923 | Snake:1  | Entered Level 1 of the Snake Pit
 29938 | Snake:1  | XOM: cleaving
 30046 | Snake:1  | XOM: cast spell 'Summon Hydra'
 30068 | Snake:1  | XOM: swap monsters
 30073 | Snake:1  | Reached skill level 12 in Shields
 30125 | Snake:1  | XOM: confuse monster(s)
 30248 | Snake:1  | XOM: noise
 30283 | Snake:1  | XOM: god gift: 59 gold pieces
 30460 | Snake:1  | XOM: enchant monster (bad)
 30467 | Snake:1  | Reached skill level 11 in Short Blades
 30467 | Snake:1  | Reached skill level 11 in Long Blades
 30467 | Snake:1  | Reached skill level 11 in Axes
 30467 | Snake:1  | Reached skill level 11 in Polearms
 30467 | Snake:1  | Reached skill level 11 in Staves
 30467 | Snake:1  | Reached skill level 11 in Slings
 30467 | Snake:1  | Reached skill level 11 in Bows
 30467 | Snake:1  | Reached skill level 11 in Crossbows
 30467 | Snake:1  | Reached skill level 11 in Throwing
 30467 | Snake:1  | Reached skill level 11 in Stealth
 30467 | Snake:1  | Reached skill level 11 in Unarmed Combat
 30467 | Snake:1  | Reached skill level 11 in Spellcasting
 30467 | Snake:1  | Reached skill level 11 in Evocations
 30490 | Snake:1  | Identified the cursed +1 longbow "Xayfin" {speed, rC+ rN+
                  | Str+4 Int-5} (You found it on level 1 of the Spider Nest)
 30816 | Spider:1 | XOM: mild Necr miscast
 31003 | Snake:1  | Found Tufio's Weapon Shop.
 31015 | Snake:1  | XOM: medium Tmut miscast
 31322 | Orc      | Bought a book of Flames for 490 gold pieces
 31325 | Orc      | Learned a level 2 spell: Flaming Arrows
 31551 | Snake:1  | XOM: give mutation
 31551 | Snake:1  | Gained mutation: Armour fits poorly on your strangely
                  | shaped body. [Xom's mischief]
 31801 | Snake:1  | Reached XP level 17. HP: 134/134 MP: 27/32
 31869 | Snake:1  | Found a runed door.
 32145 | Snake:1  | XOM: cloud trail
 32264 | Snake:1  | Identified the +8 morningstar "Piseredgh" {crush, Int+4}
 32267 | Snake:1  | XOM: cast spell 'Summon Ice Beast'
 32270 | Snake:1  | Reached skill level 12 in Invocations
 32557 | Snake:2  | Reached skill level 12 in Armour
 32581 | Snake:2  | XOM: confuse monster(s)
 32609 | Snake:2  | XOM: scenery: create altars
 32614 | Snake:2  | XOM: divination: detect creatures
 32737 | Snake:2  | Found a runed translucent door.
 32739 | Snake:2  | XOM: confuse monster(s)
 32742 | Snake:2  | XOM: fog
 32744 | Snake:2  | Found a shimmering altar of Xom.
 32744 | Snake:2  | Noticed Turbognida's ghost (adept HOAc)
 32745 | Snake:2  | Found the amulet of the Four Winds {rN+ MR+++ Clar}
 32904 | Snake:2  | Got a crude amber ring
 33168 | Snake:2  | Got a clouded copper ring
 33195 | Snake:2  | Found an ornate altar of the Wu Jian Council.
 33660 | Snake:3  | Entered Level 3 of the Snake Pit
 33665 | Snake:3  | XOM: 1-stop teleportation journey
 33674 | Snake:3  | XOM: confuse monster(s)
 33682 | Snake:3  | XOM: scenery: create altars
 33691 | Snake:3  | Reached skill level 13 in Shields
 33714 | Snake:3  | Reached skill level 13 in Fighting
 33714 | Snake:3  | Reached skill level 13 in Maces & Flails
 33859 | Snake:3  | XOM: scenery: create altars
 33868 | Snake:3  | XOM: fog
 33876 | Snake:3  | XOM: enchant monster (good)
 33883 | Snake:3  | XOM: scenery: create altars
 33895 | Snake:3  | XOM: cleaving
 33986 | Snake:3  | XOM: god gift: wand of disintegration (39)
 34003 | Snake:3  | XOM: polymorph naga -> worm
 34004 | Snake:3  | Identified the ring of Icuofuf {rF+ Stlth--} (You found it
                  | on level 2 of the Snake Pit)
 34006 | Snake:3  | Identified the ring "Jyqec" {+Blink +Fly} (You found it on
                  | level 2 of the Snake Pit)
 34062 | Snake:3  | XOM: scenery: create altars
 34063 | Snake:3  | XOM: polymorph naga -> ball python
 34158 | Snake:3  | XOM: god gift: wand of scattershot (13)
 34160 | Snake:3  | XOM: divination: detect items
 34183 | Snake:3  | XOM: harmless Erth miscast
 34246 | Snake:3  | Reached skill level 10 in Conjurations
 34246 | Snake:3  | Reached skill level 10 in Hexes
 34246 | Snake:3  | Reached skill level 10 in Charms
 34246 | Snake:3  | Reached skill level 10 in Summonings
 34246 | Snake:3  | Reached skill level 10 in Necromancy
 34246 | Snake:3  | Reached skill level 10 in Translocations
 34246 | Snake:3  | Reached skill level 10 in Transmutations
 34246 | Snake:3  | Reached skill level 10 in Fire Magic
 34246 | Snake:3  | Reached skill level 10 in Ice Magic
 34246 | Snake:3  | Reached skill level 10 in Air Magic
 34246 | Snake:3  | Reached skill level 10 in Earth Magic
 34246 | Snake:3  | Reached skill level 10 in Poison Magic
 34300 | Snake:3  | XOM: polymorph nagaraja -> catoblepas
 34313 | Snake:3  | Reached XP level 18. HP: 142/142 MP: 17/33
 34371 | Snake:3  | Reached skill level 12 in Dodging
 34392 | Snake:3  | XOM: stat loss: -1 Int (19/20)
 34745 | Snake:3  | XOM: noise
 34746 | Snake:3  | XOM: summons 1 hostile shadow creature
 34788 | Snake:3  | XOM: summons friendly iron imp
 34823 | Snake:3  | XOM: 1-stop teleportation journey
 35053 | Snake:3  | XOM: cast spell 'Summon Mana Viper'
 35054 | Snake:3  | Reached skill level 12 in Short Blades
 35054 | Snake:3  | Reached skill level 12 in Long Blades
 35054 | Snake:3  | Reached skill level 12 in Axes
 35054 | Snake:3  | Reached skill level 12 in Polearms
 35054 | Snake:3  | Reached skill level 12 in Staves
 35054 | Snake:3  | Reached skill level 12 in Slings
 35054 | Snake:3  | Reached skill level 12 in Bows
 35054 | Snake:3  | Reached skill level 12 in Crossbows
 35054 | Snake:3  | Reached skill level 12 in Throwing
 35054 | Snake:3  | Reached skill level 12 in Stealth
 35054 | Snake:3  | Reached skill level 12 in Unarmed Combat
 35054 | Snake:3  | Reached skill level 12 in Spellcasting
 35054 | Snake:3  | Reached skill level 12 in Evocations
 35069 | Snake:3  | XOM: polymorph mana viper -> glowing shapeshifter
 35070 | Snake:3  | XOM: smoke on damage
 35080 | Snake:3  | XOM: 6-stop teleportation journey
 35112 | Snake:3  | XOM: give mutations
 35112 | Snake:3  | Lost mutation: Your flesh is heat resistant. (rF+) [Xom's
                  | mischief]
 35112 | Snake:3  | Lost mutation: Armour fits poorly on your strangely shaped
                  | body. [Xom's mischief]
 35288 | Snake:3  | XOM: blink monster(s)
 35330 | Snake:3  | XOM: stat loss: -1 Int (19/20)
 35335 | Snake:3  | Found a runed translucent door.
 35335 | Snake:3  | Noticed SansUndertale's ghost (journeyman NaAK)
 35434 | Snake:3  | XOM: smoke on damage
 35438 | Snake:3  | XOM: polymorph nagaraja -> fire dragon
 35453 | Snake:3  | Reached skill level 14 in Shields
 35504 | Snake:3  | XOM: give mutations
 35504 | Snake:3  | Lost mutation: You are partially covered in slimy green
                  | scales. (AC +2) [Xom's mischief]
 35504 | Snake:3  | Gained mutation: Scrolls take you a little longer to read.
                  | [Xom's mischief]
 35504 | Snake:3  | Gained mutation: You are frail. (-10% HP) [Xom's mischief]
 35504 | Snake:3  | Lost mutation: Scrolls take you a little longer to read.
                  | [Xom's mischief]
 35511 | Snake:3  | Reached skill level 13 in Invocations
 35550 | Snake:3  | XOM: give mutations
 35550 | Snake:3  | Lost mutation: You are dopey. (Int -2) [Xom's mischief]
 35550 | Snake:3  | Gained mutation: You are dopey. (Int -2) [Xom's mischief]
 35638 | Snake:3  | XOM: noise
 35939 | Snake:3  | Got a serpentine rune of Zot
 35955 | Snake:3  | XOM: stat loss: -1 Dex (13/14)
 36026 | Snake:3  | XOM: blink monster(s)
 36078 | Snake:3  | XOM: give mutations
 36078 | Snake:3  | Gained mutation: You have large cloven feet. [Xom's grace]
 36078 | Snake:3  | Gained mutation: Your spells are a little harder to cast,
                  | but a little more powerful. [Xom's grace]
 36563 | Spider:2 | XOM: confuse monster(s)
 36724 | Spider:2 | XOM: potion effect (brilliance)
 36878 | Spider:2 | XOM: confuse monster(s)
 37145 | Spider:2 | Found a transporter.
 37150 | Spider:2 | Found a transporter.
 37150 | Spider:2 | Noticed jojo4K's ghost (journeyman GrBe)
 37280 | Spider:2 | XOM: divination: detect creatures
 37342 | Spider:3 | Entered Level 3 of the Spider Nest
 37388 | Spider:3 | XOM: noise
 37400 | Spider:3 | XOM: mild Tloc miscast
 37405 | Spider:3 | XOM: silly message
 37413 | Spider:2 | XOM: chaos cloud
 37415 | Spider:2 | XOM: noise
 37418 | Spider:2 | XOM: chaos cloud
 37419 | Spider:2 | Reached skill level 13 in Armour
 37655 | Spider:3 | XOM: polymorph emperor scorpion -> slime creature
 37656 | Spider:3 | XOM: confusion
 37728 | Spider:3 | XOM: polymorph wolf spider -> green draconian
 37746 | Spider:3 | Reached XP level 19. HP: 82/135 MP: 25/35
 38378 | Spider:3 | XOM: mild Pois miscast
 38496 | Spider:3 | XOM: divine lightning
 38504 | Spider:3 | XOM: polymorph redback -> moth of wrath
 38510 | Spider:3 | XOM: polymorph ghost moth -> alligator snapping turtle
 38515 | Spider:3 | XOM: silly message
 38571 | Spider:3 | XOM: noise
 38746 | Spider:3 | XOM: summons 3 hostile shadow creatures
 38812 | Spider:3 | XOM: draining
 38977 | Spider:3 | XOM: confusion
 39053 | Spider:3 | XOM: summons friendly ufetubus
 39066 | Spider:3 | XOM: summons friendly white imp
 39076 | Spider:3 | XOM: god gift: wand of clouds (9)
 39078 | Spider:3 | XOM: potion effect (agility)
 39082 | Spider:3 | XOM: fog
 39228 | Spider:3 | XOM: god gift: robe {god gift}
 39258 | Spider:3 | Got a gossamer rune of Zot
 39491 | Lair:1   | XOM: scenery: create altars
 39591 | Elf:1    | Entered Level 1 of the Elven Halls
 39593 | Elf:1    | XOM: noise
 39596 | Elf:1    | XOM: cleaving
 39635 | Elf:1    | XOM: noise
 39695 | Elf:1    | XOM: noise
 39943 | Elf:1    | XOM: summons friendly white imp
 39959 | Elf:1    | Found Vimiet's Book Emporium.
 39959 | Elf:1    | XOM: 1-stop teleportation journey
 39986 | Elf:1    | Noticed Frances
 40005 | Elf:1    | Noticed Aizul
 40006 | Elf:1    | XOM: cleaving
 40015 | Elf:1    | Killed Aizul
 40039 | Elf:1    | XOM: 1-stop teleportation journey
 40331 | Elf:1    | Reached skill level 15 in Shields
 40444 | Elf:1    | XOM: cast spell 'Steam Barrier'
 40454 | Elf:1    | Killed Frances
 40607 | Elf:1    | Reached skill level 14 in Fighting
 40607 | Elf:1    | Reached skill level 14 in Maces & Flails
 40610 | Elf:1    | XOM: divination: magic mapping
 40622 | Elf:1    | XOM: noise
 40625 | Elf:1    | XOM: harmless Chrm miscast
 40636 | Elf:1    | XOM: summons 2 friendly demons
 40646 | Elf:1    | XOM: scenery: 1 doors open
 40697 | Elf:1    | XOM: scenery: 1 doors open, 1 doors close
 40916 | Elf:1    | Reached skill level 13 in Dodging
 41032 | Elf:1    | Found a runed translucent gate.
 41032 | Elf:1    | Found a runed translucent gate.
 41032 | Elf:1    | Found a runed translucent gate.
 41032 | Elf:1    | Found a runed translucent gate.
 41032 | Elf:1    | Found a runed translucent gate.
 41033 | Elf:1    | Found a runed translucent gate.
 41033 | Elf:1    | XOM: cast spell 'Call Canine Familiar'
 41125 | Elf:1    | Reached skill level 11 in Conjurations
 41125 | Elf:1    | Reached skill level 11 in Hexes
 41125 | Elf:1    | Reached skill level 11 in Charms
 41125 | Elf:1    | Reached skill level 11 in Summonings
 41125 | Elf:1    | Reached skill level 11 in Necromancy
 41125 | Elf:1    | Reached skill level 11 in Translocations
 41125 | Elf:1    | Reached skill level 11 in Transmutations
 41125 | Elf:1    | Reached skill level 11 in Fire Magic
 41125 | Elf:1    | Reached skill level 11 in Ice Magic
 41125 | Elf:1    | Reached skill level 11 in Air Magic
 41125 | Elf:1    | Reached skill level 11 in Earth Magic
 41125 | Elf:1    | Reached skill level 11 in Poison Magic
 41423 | Elf:2    | Found a shimmering blue altar of Sif Muna.
 41456 | Elf:2    | XOM: enchant monster (good)
 41493 | Elf:2    | XOM: swap monsters
 41731 | Elf:2    | Identified the +2 leather armour of Ygybb {rN+}
 41783 | Elf:2    | Found a runed gate.
 41794 | Elf:2    | Found a runed gate.
 41796 | Elf:2    | Found a runed gate.
 41922 | Elf:2    | Found Owuuqef's Assorted Antiques.
 41932 | Elf:2    | Bought a lumpy puce potion for 18 gold pieces
 41934 | Elf:2    | Reached XP level 20. HP: 143/143 MP: 36/36
 41939 | Elf:2    | Bought a potion of magic for 100 gold pieces
 41939 | Elf:2    | Bought a scroll of teleportation for 60 gold pieces
 42062 | Elf:2    | Reached skill level 14 in Invocations
 42064 | Elf:2    | Reached skill level 13 in Short Blades
 42064 | Elf:2    | Reached skill level 13 in Long Blades
 42064 | Elf:2    | Reached skill level 13 in Axes
 42064 | Elf:2    | Reached skill level 13 in Polearms
 42064 | Elf:2    | Reached skill level 13 in Staves
 42064 | Elf:2    | Reached skill level 13 in Slings
 42064 | Elf:2    | Reached skill level 13 in Bows
 42064 | Elf:2    | Reached skill level 13 in Crossbows
 42064 | Elf:2    | Reached skill level 13 in Throwing
 42064 | Elf:2    | Reached skill level 13 in Stealth
 42064 | Elf:2    | Reached skill level 13 in Unarmed Combat
 42064 | Elf:2    | Reached skill level 13 in Spellcasting
 42064 | Elf:2    | Reached skill level 13 in Evocations
 42256 | Elf:2    | XOM: divination: magic mapping
 42263 | Elf:2    | XOM: smoke on damage
 42266 | Elf:2    | XOM: summons 7 friendly demons
 42268 | Elf:2    | XOM: summons 10 friendly demons
 42271 | Elf:2    | XOM: summons 5 friendly demons
 42279 | Elf:2    | XOM: cleaving
 42302 | Elf:2    | XOM: cleaving
 42308 | Elf:2    | Reached XP level 21. HP: 89/148 MP: 29/38
 42310 | Elf:2    | XOM: confuse monster(s)
 42464 | Elf:2    | XOM: summons friendly quasit
 42845 | Elf:3    | Entered Level 3 of the Elven Halls
 42886 | Elf:3    | XOM: summons 7 hostile demons
 43085 | Elf:3    | Found Voplup's Antique Armour Shoppe.
 43097 | Elf:3    | Bought a hat for 92 gold pieces
 43260 | Elf:3    | Reached skill level 16 in Shields
 43291 | Elf:3    | XOM: polymorph deep elf high priest -> faun
 43316 | Elf:3    | XOM: god gift: 43 gold pieces
 43326 | Elf:3    | XOM: divination: magic mapping
 43462 | Elf:3    | Reached skill level 14 in Armour
 43493 | Elf:3    | Identified the +0 plate armour of Refuge {rElec}
 43501 | Elf:3    | Identified the ring "Ustraot" {rPois MP+9 Dex+3 Stlth+}
 43501 | Elf:3    | XOM: scenery: 2 doors close
 43508 | Elf:3    | XOM: mild Tloc miscast
 43513 | Elf:3    | XOM: give mutations
 43513 | Elf:3    | Lost mutation: You have large cloven feet. [Xom's mischief]
 43513 | Elf:3    | Gained mutation: You do not regenerate when monsters are
                  | visible. [Xom's mischief]
 43592 | Elf:3    | XOM: mild Conj miscast
 43643 | Elf:3    | XOM: mild Tmut miscast
 43843 | Elf:3    | XOM: enchant monster (bad)
 43847 | Elf:3    | XOM: 3-stop teleportation journey
 44058 | Elf:3    | XOM: 8-stop teleportation journey
 44060 | Elf:3    | XOM: polymorph deep elf high priest -> spark wasp
 44062 | Elf:3    | XOM: 5-stop teleportation journey
 44107 | Elf:3    | XOM: summons 7 friendly demons
 44162 | Elf:3    | XOM: harmless Ice miscast
 44183 | Elf:3    | XOM: noise
 44331 | Elf:3    | XOM: harmless Chrm miscast
 44556 | Elf:3    | Identified the +0 leather armour of Magic {rPois Dex+4}
 44646 | Elf:3    | XOM: enchant monster (bad)
 44701 | Elf:3    | XOM: god gift: lightning rod (4/4)
 44723 | Elf:3    | Identified Fymuxou's Catalogue of the Snowflakes and
                  | Transmutation
 44740 | Elf:3    | Learned a level 5 spell: Irradiate
 44745 | Elf:3    | Learned a level 4 spell: Yara's Violent Unravelling
 44980 | Elf:3    | Identified the +8 flail of False Accusations {crush, rC+}
 45302 | Spider:1 | Killed Cris's ghost
 45314 | Spider:1 | Killed kosoiffoigrumme1174's ghost
 45348 | Spider:1 | XOM: harmless Fire miscast
 45438 | Lair:2   | XOM: give mutations
 45438 | Lair:2   | Gained mutation: Your movements are less encumbered by
                  | armour. (ER -4) [Xom's grace]
 45438 | Lair:2   | Gained mutation: You have a pair of horns on your head.
                  | [Xom's grace]
 45438 | Lair:2   | Gained mutation: Your system is resistant to poisons.
                  | (rPois) [Xom's grace]
 45496 | Lair:1   | XOM: divination: detect items
 45622 | Vaults:1 | Entered Level 1 of the Vaults
 45731 | Vaults:1 | XOM: god gift: scroll of amnesia
 45787 | Vaults:1 | XOM: potion effect (brilliance)
 45822 | Vaults:1 | XOM: silly message
 45831 | Vaults:1 | Reached XP level 22. HP: 139/156 MP: 39/39
 45922 | Vaults:1 | XOM: harmless Hex miscast
 45963 | Vaults:1 | XOM: divination: detect items
 46018 | Vaults:1 | XOM: stat loss: -1 Int (19/20)
 46110 | Vaults:1 | XOM: enchant monster (bad)
 46196 | Vaults:1 | Reached skill level 14 in Dodging
 46424 | Vaults:1 | XOM is BORED!
 46424 | Vaults:1 | XOM: severe Pois miscast
 46522 | Vaults:1 | Reached skill level 14 in Evocations
 46536 | Vaults:1 | XOM: potion effect (agility)
 46548 | Vaults:1 | Reached skill level 15 in Fighting
 46548 | Vaults:1 | Reached skill level 15 in Maces & Flails
 46637 | Vaults:1 | XOM: give mutation
 46637 | Vaults:1 | Gained mutation: You are weak. (Str -2) [Xom's mischief]
 46834 | Vaults:1 | Found Jiubeso's Antique Weapon Emporium.
 46834 | Vaults:1 | XOM: swap monsters
 46953 | Vaults:1 | XOM: polymorph fire dragon -> iron giant
 46957 | Vaults:1 | XOM: noise
 46976 | Vaults:1 | Reached skill level 15 in Invocations
 46976 | Vaults:1 | Found Pomuloing's Antique Weapon Boutique.
 47180 | Vaults:1 | XOM: summons 11 hostile demons
 47237 | Vaults:1 | Reached skill level 12 in Conjurations
 47237 | Vaults:1 | Reached skill level 12 in Hexes
 47237 | Vaults:1 | Reached skill level 12 in Charms
 47237 | Vaults:1 | Reached skill level 12 in Summonings
 47237 | Vaults:1 | Reached skill level 12 in Necromancy
 47237 | Vaults:1 | Reached skill level 12 in Translocations
 47237 | Vaults:1 | Reached skill level 12 in Transmutations
 47237 | Vaults:1 | Reached skill level 12 in Fire Magic
 47237 | Vaults:1 | Reached skill level 12 in Ice Magic
 47237 | Vaults:1 | Reached skill level 12 in Air Magic
 47237 | Vaults:1 | Reached skill level 12 in Earth Magic
 47237 | Vaults:1 | Reached skill level 12 in Poison Magic
 47268 | Vaults:1 | Learned a level 6 spell: Statue Form
 47368 | Vaults:1 | XOM: summons 6 hostile demons
 47526 | Vaults:1 | Found Yruizusale's Assorted Antiques.
 47530 | Vaults:1 | Found Nejonn's Assorted Antiques.
 47535 | Vaults:1 | Bought a scroll of teleportation for 93 gold pieces
 47535 | Vaults:1 | Bought a twisted buckler for 294 gold pieces
 47535 | Vaults:1 | Identified the +6 buckler "Nor Uheq" {Int+4} (You bought it
                  | in a shop on level 1 of the Vaults)
 47535 | Vaults:1 | Bought a crude gossamer ring for 155 gold pieces
 47535 | Vaults:1 | Identified the ring "Vosiu" {rPois Str+2 Int+4 Stlth+} (You
                  | bought it in a shop on level 1 of the Vaults)
 47568 | Vaults:1 | XOM: summons 6 hostile demons
 47584 | Vaults:1 | Bought 2 potions of curing for 170 gold pieces
 47584 | Vaults:1 | Bought a scroll of fog for 68 gold pieces
 47584 | Vaults:1 | Bought a scroll of teleportation for 102 gold pieces
 47585 | Vaults:1 | Identified the Handbook of the Oath and the Frostbite
 47703 | Vaults:1 | XOM: severe Erth miscast
 47712 | Vaults:1 | Learned a level 6 spell: Aura of Abjuration
 47719 | Vaults:1 | Learned a level 6 spell: Infestation
 47777 | Vaults:1 | Found Hussof's Food Shoppe.
 47780 | Vaults:1 | XOM: summons 1 hostile shadow creature
 47927 | Vaults:2 | XOM: harmless Erth miscast
 47939 | Vaults:2 | Reached skill level 17 in Shields
 47999 | Vaults:2 | XOM: 1-stop teleportation journey
 48010 | Vaults:2 | XOM: swap monsters
 48025 | Vaults:2 | Reached skill level 14 in Short Blades
 48025 | Vaults:2 | Reached skill level 14 in Long Blades
 48025 | Vaults:2 | Reached skill level 14 in Axes
 48025 | Vaults:2 | Reached skill level 14 in Polearms
 48025 | Vaults:2 | Reached skill level 14 in Staves
 48025 | Vaults:2 | Reached skill level 14 in Slings
 48025 | Vaults:2 | Reached skill level 14 in Bows
 48025 | Vaults:2 | Reached skill level 14 in Crossbows
 48025 | Vaults:2 | Reached skill level 14 in Throwing
 48025 | Vaults:2 | Reached skill level 14 in Stealth
 48025 | Vaults:2 | Reached skill level 14 in Unarmed Combat
 48025 | Vaults:2 | Reached skill level 14 in Spellcasting
 48029 | Vaults:2 | XOM: chaos upgrade
 48188 | Vaults:2 | XOM: confusion (+ monsters)
 48190 | Vaults:2 | XOM: polymorph ogre mage -> deep troll
 48263 | Vaults:2 | XOM: fog
 48265 | Vaults:2 | XOM: polymorph spark wasp -> orb spider
 48266 | Vaults:2 | XOM: mild Necr miscast
 48276 | Vaults:2 | XOM: divination: detect creatures
 48280 | Vaults:2 | XOM: destruction
 48483 | Vaults:2 | XOM: give mutations
 48483 | Vaults:2 | Lost mutation: You are weak. (Str -2) [Xom's mischief]
 48483 | Vaults:2 | Lost mutation: You have a pair of horns on your head.
                  | [Xom's mischief]
 48483 | Vaults:2 | Lost mutation: Your flesh is cold resistant. (rC+) [Xom's
                  | mischief]
 48603 | Vaults:2 | Found a staircase to the Crypt.
 48603 | Vaults:2 | Identified the +11 arbalest of Indomitability {penet, Str+3
                  | SInv}
 48793 | Vaults:2 | XOM: harmless Ice miscast
 48870 | Vaults:2 | XOM: polymorph stone giant -> something unseen
 49384 | Vaults:2 | XOM: summons friendly crimson imp
 49430 | Vaults:2 | Found Exemeog's General Store.
 49436 | Vaults:2 | Bought a potion of magic for 75 gold pieces
 49436 | Vaults:2 | Bought a potion of magic for 75 gold pieces
 49703 | Vaults:2 | Reached XP level 23. HP: 163/163 MP: 41/41
 49793 | Crypt:1  | Entered Level 1 of the Crypt
 49876 | Vaults:2 | XOM: fog
 49883 | Vaults:2 | Reached skill level 15 in Evocations
 49958 | Crypt:1  | XOM: smoke on damage
 49961 | Crypt:1  | XOM: summons friendly shadow imp
 50197 | Crypt:1  | Noticed Zenata
 50204 | Crypt:1  | Killed Zenata
 50221 | Crypt:1  | Reached skill level 15 in Armour
 50377 | Crypt:1  | Identified the +2 robe "Kumut" {rElec rC+ MR-}
 50477 | Crypt:1  | Found a huge runed gate.
 50478 | Crypt:1  | Found a huge runed gate.
 50479 | Crypt:1  | Found a huge runed gate.
 50480 | Crypt:1  | Found a huge runed gate.
 50481 | Crypt:1  | Found a huge runed gate.
 50481 | Crypt:1  | Found a huge runed gate.
 50481 | Crypt:1  | Found a huge runed gate.
 50481 | Crypt:1  | Found a huge runed gate.
 50483 | Crypt:1  | Found a huge runed gate.
 50487 | Crypt:1  | Found a huge runed gate.
 50488 | Crypt:1  | Found a huge runed gate.
 50501 | Crypt:1  | Found a huge runed gate.
 50501 | Crypt:1  | Found a huge runed gate.
 50501 | Crypt:1  | Found a huge runed gate.
 50501 | Crypt:1  | Found a huge runed gate.
 50510 | Crypt:1  | Found a huge runed gate.
 50510 | Crypt:1  | Found a huge runed gate.
 50510 | Crypt:1  | Found a huge runed gate.
 50511 | Crypt:1  | Found a huge runed gate.
 50511 | Crypt:1  | Found a huge runed gate.
 50512 | Crypt:1  | Found a huge runed gate.
 50512 | Crypt:1  | Found a huge runed gate.
 50513 | Crypt:1  | Found a huge runed gate.
 50513 | Crypt:1  | Found a huge runed gate.
 50514 | Crypt:1  | Found a huge runed gate.
 50524 | Crypt:1  | Noticed Margery
 50529 | Crypt:1  | XOM: enchant monster (bad)
 50545 | Crypt:1  | Killed Margery
 50564 | Crypt:1  | Identified the ring "Felyon" {rPois rC+ MR- Stlth++} (You
                  | acquired it on level 1 of the Crypt)
 50568 | Crypt:1  | Identified the +1 pair of gloves of the Shrike {+Blink}
                  | (You acquired it on level 1 of the Crypt)
 50570 | Crypt:1  | Identified the ring "Otafarphu" {rF+ Stlth++} (You acquired
                  | it on level 1 of the Crypt)
 50578 | Crypt:1  | Learned a level 5 spell: Freezing Cloud
 50669 | Crypt:1  | Found a huge runed gate.
 50669 | Crypt:1  | Found a huge runed gate.
 50669 | Crypt:1  | Found a huge runed gate.
 50669 | Crypt:1  | Found a huge runed gate.
 50669 | Crypt:1  | Found a huge runed gate.
 50670 | Crypt:1  | Found a huge runed gate.
 50670 | Crypt:1  | Found a huge runed gate.
 50672 | Crypt:1  | Found a huge runed gate.
 50707 | Crypt:1  | Found a huge runed gate.
 50707 | Crypt:1  | Found a huge runed gate.
 50889 | Crypt:1  | Found a runed translucent gate.
 50889 | Crypt:1  | Found a runed translucent gate.
 50889 | Crypt:1  | Found a runed translucent gate.
 50889 | Crypt:1  | Noticed Waammiq's ghost (veteran GrEE)
 51071 | Crypt:1  | Noticed an ancient lich
 51080 | Crypt:1  | Killed an ancient lich
 51082 | Crypt:1  | XOM: enchant monster (good)
 51086 | Crypt:1  | Reached skill level 18 in Shields
 51367 | Crypt:2  | Entered Level 2 of the Crypt
 51499 | Crypt:1  | XOM: harmless Tloc miscast
 51540 | Crypt:2  | XOM: silly message
 51591 | Crypt:2  | Reached skill level 15 in Dodging
 51796 | Crypt:2  | Identified the ring "Soryuse" {rF+ rN+ Stlth+}
 51796 | Crypt:2  | XOM: noise
 51798 | Crypt:2  | Identified the ring of Coerr {rPois rN+ Int-2 Dex+2 SInv}
 51802 | Crypt:2  | Reached skill level 16 in Invocations
 51814 | Crypt:2  | XOM: 6-stop teleportation journey
 51876 | Crypt:2  | XOM: severe Conj miscast
 51933 | Crypt:2  | Reached skill level 16 in Evocations
 52154 | Crypt:2  | Found a staircase to the Tomb.
 52267 | Crypt:2  | Reached XP level 24. HP: 171/171 MP: 41/41
 52268 | Crypt:2  | Noticed an ancient lich
 52283 | Crypt:2  | XOM: cast spell 'Leda's Liquefaction'
 52284 | Crypt:2  | XOM: summons 2 hostile shadow creatures
 52301 | Crypt:2  | Killed an ancient lich
 52302 | Crypt:2  | Reached skill level 16 in Fighting
 52302 | Crypt:2  | Reached skill level 16 in Maces & Flails
 52322 | Crypt:2  | Identified the ring "Xaant" {Wiz Dex+4}
 52358 | Crypt:2  | XOM: give mutations
 52358 | Crypt:2  | Gained mutation: Your body sometimes deteriorates upon
                  | taking damage. [Xom's mischief]
 52358 | Crypt:2  | Lost mutation: You are partially covered in icy blue
                  | scales. (AC +2) [Xom's mischief]
 52358 | Crypt:2  | Gained mutation: You occasionally shout uncontrollably at
                  | your foes. [Xom's mischief]
 52358 | Crypt:2  | Lost mutation: Your body sometimes deteriorates upon taking
                  | damage. [Xom's mischief]
 52362 | Crypt:2  | Identified the Handbook of Calling and the Frostbite
 52367 | Crypt:2  | Identified the ring of Tosanak {rN+ Str+3}
 52373 | Crypt:2  | Identified the ring "Hipoz" {Fire rElec}
 52402 | Crypt:2  | Learned a level 7 spell: Haunt
 52410 | Crypt:2  | Learned a level 7 spell: Monstrous Menagerie
 52475 | Crypt:2  | XOM: harmless Erth miscast
 52560 | Crypt:2  | XOM: 1-stop teleportation journey
 52609 | Crypt:2  | Found a basalt altar of Yredelemnul.
 52656 | Crypt:2  | XOM: give mutations
 52656 | Crypt:2  | Lost mutation: Your movements are less encumbered by
                  | armour. (ER -4) [Xom's mischief]
 52656 | Crypt:2  | Gained mutation: You are resistant to electric shocks.
                  | (rElec) [Xom's mischief]
 52656 | Crypt:2  | Gained mutation: You are weak. (Str -2) [Xom's mischief]
 52664 | Crypt:2  | XOM: severe Tmut miscast
 53063 | Vaults:1 | XOM: give mutation
 53063 | Vaults:1 | Lost mutation: You have a pair of small horns on your head.
                  | [Xom's mischief]
 53178 | Depths:1 | XOM: stealth player
 53178 | Depths:1 | Entered Level 1 of the Depths
 53186 | Depths:1 | Reached skill level 15 in Short Blades
 53186 | Depths:1 | Reached skill level 15 in Long Blades
 53186 | Depths:1 | Reached skill level 15 in Axes
 53186 | Depths:1 | Reached skill level 15 in Polearms
 53186 | Depths:1 | Reached skill level 15 in Staves
 53186 | Depths:1 | Reached skill level 15 in Slings
 53186 | Depths:1 | Reached skill level 15 in Bows
 53186 | Depths:1 | Reached skill level 15 in Crossbows
 53186 | Depths:1 | Reached skill level 15 in Throwing
 53186 | Depths:1 | Reached skill level 15 in Stealth
 53186 | Depths:1 | Reached skill level 15 in Unarmed Combat
 53186 | Depths:1 | Reached skill level 15 in Spellcasting
 53190 | Depths:1 | XOM: confusion (+ monsters)
 53244 | Depths:1 | Noticed Sojobo
 53266 | Depths:1 | Killed Sojobo
 53426 | Depths:1 | Reached skill level 13 in Conjurations
 53426 | Depths:1 | Reached skill level 13 in Hexes
 53426 | Depths:1 | Reached skill level 13 in Charms
 53426 | Depths:1 | Reached skill level 13 in Summonings
 53426 | Depths:1 | Reached skill level 13 in Necromancy
 53426 | Depths:1 | Reached skill level 13 in Translocations
 53426 | Depths:1 | Reached skill level 13 in Transmutations
 53426 | Depths:1 | Reached skill level 13 in Fire Magic
 53426 | Depths:1 | Reached skill level 13 in Ice Magic
 53426 | Depths:1 | Reached skill level 13 in Air Magic
 53426 | Depths:1 | Reached skill level 13 in Earth Magic
 53426 | Depths:1 | Reached skill level 13 in Poison Magic
 53434 | Depths:1 | XOM: harmless Fire miscast
 53515 | D:12     | XOM: summons 2 hostile shadow creatures
 53960 | D:9      | XOM: scenery: create altars
 54486 | Elf:1    | XOM: noise
 55066 | Depths:1 | XOM: noise
 55067 | Depths:1 | XOM: swap monsters
 55238 | Depths:1 | XOM: harmless Ice miscast
 55249 | Depths:1 | Found a gateway to Hell.
 55450 | Depths:1 | XOM: 1-stop teleportation journey
 55454 | Depths:1 | XOM: 4-stop teleportation journey
 55614 | Depths:1 | XOM: give mutations
 55614 | Depths:1 | Lost mutation: You are weak. (Str -2) [Xom's mischief]
 55614 | Depths:1 | Lost mutation: You are frail. (-10% HP) [Xom's mischief]
 55614 | Depths:1 | Gained mutation: You sometimes yell uncontrollably at your
                  | foes. [Xom's mischief]
 55908 | Depths:1 | XOM: give mutations
 55908 | Depths:1 | Lost mutation: You are extremely resistant to the effects
                  | of hostile enchantments. (MR+++) [Xom's mischief]
 55908 | Depths:1 | Lost mutation: You sometimes yell uncontrollably at your
                  | foes. [Xom's mischief]
 56239 | Depths:2 | XOM: smoke on damage
 56240 | Depths:2 | Reached skill level 19 in Shields
 56284 | Depths:2 | XOM: fog
 56290 | Depths:2 | XOM: harmless Ice miscast
 56393 | Depths:2 | Identified the +10 war axe of the Doomed Warrior {vamp, MR+
                  | Str+3}
 56414 | Depths:2 | XOM: mild Chrm miscast
 56421 | Depths:2 | XOM: confusion
 56424 | Depths:2 | XOM: noise
 56480 | Depths:2 | HP: 34/250 [fire giant/fireball (13)]
 56482 | Depths:2 | Reached skill level 17 in Evocations
 56715 | Depths:2 | Identified the cursed +0 leather armour of the Farrier
                  | {rPois rC+}
 57187 | Depths:3 | Found Qitob's Magic Scroll Shoppe.
 57193 | Depths:3 | Bought a scroll of acquirement for 1248 gold pieces
 57193 | Depths:3 | Bought a scroll of fear for 120 gold pieces
 57193 | Depths:3 | Bought a scroll of magic mapping for 84 gold pieces
 57193 | Depths:3 | Identified the amulet of Baenis {Regen Str+5} (You acquired
                  | it on level 3 of the Depths)
 57193 | Depths:3 | Identified the Catalogue of Moulding and Attacks (You
                  | acquired it on level 3 of the Depths)
 57617 | Spider:2 | Killed jojo4K's ghost
 57627 | Spider:2 | Identified the ring "Bukhlecyk" {MR+ Int+2}
 58106 | Depths:3 | Identified the cursed amulet "Samunt" {Inacc Str+3 Int+4
                  | Stlth-}
 58162 | Depths:3 | Reached skill level 16 in Armour
 58188 | Depths:3 | Identified the +0 large shield of Untruth {Int+7 Slay-6}
 58188 | Depths:3 | Noticed Mennas
 58189 | Depths:3 | XOM: divination: detect items
 58199 | Depths:3 | Killed Mennas
 58200 | Depths:3 | Reached XP level 25. HP: 199/199 MP: 35/42
 58205 | Depths:3 | Noticed Nikola
 58211 | Depths:3 | Killed Nikola
 58304 | Depths:3 | XOM: divination: magic mapping
 58309 | Depths:3 | XOM: 2-stop teleportation journey
 58433 | Depths:3 | XOM: summons friendly iron imp
 58657 | Depths:3 | XOM: potion effect (agility)
 58874 | Depths:3 | XOM: summons friendly quasit
 58886 | Depths:3 | Found a one-way gate leading to the halls of Pandemonium.
 58894 | Depths:3 | XOM: 3-stop teleportation journey
 58971 | Depths:3 | XOM: scenery: 4 doors open, 5 doors close
 59044 | Depths:3 | XOM: god gift: 50 gold pieces
 59054 | Depths:3 | Noticed a juggernaut
 59071 | Depths:3 | Killed a juggernaut
 59233 | Depths:3 | XOM: give mutations
 59233 | Depths:3 | Gained mutation: You are partially covered in thin metallic
                  | scales. (AC +2) [Xom's grace]
 59233 | Depths:3 | Gained mutation: You passively map a small area around you.
                  | [Xom's grace]
 59233 | Depths:3 | Gained mutation: You are robust. (+10% HP) [Xom's grace]
 59266 | Depths:3 | XOM: scenery: 3 doors close
 59421 | Depths:3 | XOM: divination: detect items
 59586 | Depths:3 | XOM: scenery: 1 doors close
 59594 | Depths:4 | Noticed a Killer Klown
 59602 | Depths:3 | XOM: fog
 59604 | Depths:3 | XOM: divination: magic mapping
 59769 | Depths:3 | XOM: scenery: 3 doors close
 59826 | Depths:3 | XOM: cast spell 'Chain of Chaos'
 59841 | Depths:3 | Reached skill level 17 in Invocations
 59893 | Depths:4 | Noticed Jory
 59894 | Depths:3 | XOM: fog
 59911 | Depths:3 | Reached skill level 16 in Dodging
 59961 | Depths:3 | XOM: divination: magic mapping
 60030 | Depths:3 | XOM: summons 6 hostile demons
 60294 | Depths:3 | XOM: divination: detect items
 60485 | Depths:4 | XOM: cast spell 'Call Canine Familiar'
 60492 | Depths:4 | Reached skill level 16 in Short Blades
 60492 | Depths:4 | Reached skill level 16 in Long Blades
 60492 | Depths:4 | Reached skill level 16 in Axes
 60492 | Depths:4 | Reached skill level 16 in Polearms
 60492 | Depths:4 | Reached skill level 16 in Staves
 60492 | Depths:4 | Reached skill level 16 in Slings
 60492 | Depths:4 | Reached skill level 16 in Bows
 60492 | Depths:4 | Reached skill level 16 in Crossbows
 60492 | Depths:4 | Reached skill level 16 in Throwing
 60492 | Depths:4 | Reached skill level 16 in Stealth
 60492 | Depths:4 | Reached skill level 16 in Unarmed Combat
 60492 | Depths:4 | Reached skill level 16 in Spellcasting
 60493 | Depths:4 | XOM: cast spell 'Summon Small Mammal'
 60502 | Depths:4 | Killed Jory
 60503 | Depths:4 | Reached skill level 20 in Shields
 60504 | Depths:4 | Reached skill level 18 in Evocations
 60533 | Depths:4 | Found a gateway to a ziggurat.
 60607 | Depths:4 | Reached skill level 17 in Fighting
 60607 | Depths:4 | Reached skill level 17 in Maces & Flails
 60718 | Depths:4 | XOM: confusion (+ monsters)
 60763 | Depths:4 | XOM: swap monsters
 60789 | Depths:4 | Identified the +2 leather armour "Kass" {+Inv SInv}
 60823 | Depths:4 | Reached XP level 26. HP: 200/228 MP: 38/43
 61114 | Depths:4 | XOM: enchant monster (bad)
 61117 | Depths:4 | XOM: cleaving
 61276 | Depths:4 | XOM: mild Chrm miscast
 61353 | Depths:4 | Found a one-way gate to the infinite horrors of the Abyss.
 61529 | Depths:4 | XOM: give mutations
 61529 | Depths:4 | Gained mutation: You have a pair of small horns on your
                  | head. [Xom's grace]
 61529 | Depths:4 | Gained mutation: You are somewhat resistant to further
                  | mutation. [Xom's grace]
 61732 | Depths:5 | Entered Level 5 of the Depths
 61735 | Depths:5 | Noticed a Killer Klown
 61747 | Depths:5 | Killed a Killer Klown
 61748 | Depths:5 | XOM: enchant monster (good)
 61797 | Depths:5 | Reached skill level 14 in Conjurations
 61797 | Depths:5 | Reached skill level 14 in Hexes
 61797 | Depths:5 | Reached skill level 14 in Charms
 61797 | Depths:5 | Reached skill level 14 in Summonings
 61797 | Depths:5 | Reached skill level 14 in Necromancy
 61797 | Depths:5 | Reached skill level 14 in Translocations
 61797 | Depths:5 | Reached skill level 14 in Transmutations
 61797 | Depths:5 | Reached skill level 14 in Fire Magic
 61797 | Depths:5 | Reached skill level 14 in Ice Magic
 61797 | Depths:5 | Reached skill level 14 in Air Magic
 61797 | Depths:5 | Reached skill level 14 in Earth Magic
 61797 | Depths:5 | Reached skill level 14 in Poison Magic
 62047 | Depths:5 | Noticed Xtahua
 62052 | Depths:5 | XOM: god gift: 6 rations
 62054 | Depths:5 | Xtahua changed into Xtahua the quicksilver dragon
 62054 | Depths:5 | XOM: polymorph Xtahua -> Xtahua the quicksilver dragon
 62197 | Depths:5 | Noticed a golden dragon
 62212 | Depths:5 | Killed a golden dragon
 62216 | Depths:5 | Noticed a golden dragon
 62228 | Depths:5 | Killed a golden dragon
 62249 | Depths:5 | Learned a level 7 spell: Icicle Burst
 62255 | Depths:5 | Noticed a juggernaut
 62264 | Depths:5 | Killed a juggernaut
 62315 | Depths:5 | Found a shattered altar of Ashenzari.
 62315 | Depths:5 | XOM: 1-stop teleportation journey
 62343 | Depths:5 | XOM: give mutations
 62343 | Depths:5 | Gained mutation: You are covered in fur. (AC +1) [Xom's
                  | grace]
 62343 | Depths:5 | Gained mutation: You have extremely sharp teeth. [Xom's
                  | grace]
 62343 | Depths:5 | Gained mutation: You expend magic power (3 MP) to
                  | strengthen your wands. [Xom's grace]
 62384 | Depths:5 | Noticed a Killer Klown
 62386 | Depths:5 | XOM: summons friendly shadow imp
 62392 | Depths:5 | Killed a Killer Klown
 62402 | Depths:5 | XOM: give mutation
 62402 | Depths:5 | Gained mutation: You are very robust. (+20% HP) [Xom's
                  | grace]
 62481 | Depths:5 | XOM: give mutation
 62481 | Depths:5 | Gained mutation: You possess an exceptional clarity of
                  | mind. [Xom's grace]
 62512 | Depths:5 | Found a gate to the Realm of Zot.
 62523 | Depths:5 | XOM: summons 2 friendly demons
 62596 | Depths:5 | XOM: divination: detect items
 62751 | Depths:5 | Found a runed translucent gate.
 62751 | Depths:5 | Found a runed translucent gate.
 62752 | Depths:5 | Found a runed translucent gate.
 62752 | Depths:5 | Noticed MisterOstroum's ghost (veteran FrGl)
 62755 | Depths:5 | Found the +7 Singing Sword {slice}
 62755 | Depths:5 | Found a viscous altar of Jiyva.
 62860 | Depths:5 | Reached skill level 17 in Armour
 62867 | Depths:5 | XOM: cast spell 'Summon Horrible Things'
 62871 | Depths:5 | XOM: confuse monster(s)
 62880 | Depths:5 | XOM: god gift: falchion {god gift}
 62919 | Depths:5 | Killed MisterOstroum's ghost
 62929 | Depths:5 | Identified the cursed -4 pair of boots of Subjectivity {rC+
                  | rN+++ rCorr Str-4} (You found it on level 5 of the Depths)
 63010 | Depths:5 | XOM: summons 8 hostile demons
 63249 | Depths:5 | XOM: medium Ice miscast
 63356 | Depths:5 | XOM: harmless Necr miscast
 63800 | Elf:1    | Learned a level 7 spell: Orb of Destruction
 64155 | Vaults:2 | XOM: stat loss: -1 Int (23/24)
 64158 | Vaults:3 | Entered Level 3 of the Vaults
 64164 | Vaults:3 | Reached skill level 19 in Evocations
 64173 | Vaults:3 | Reached XP level 27. HP: 258/258 MP: 43/43
 64178 | Vaults:3 | Reached skill level 18 in Invocations
 64182 | Vaults:3 | XOM: swap monsters
 64186 | Vaults:3 | XOM: enchant monster (good)
 64188 | Vaults:3 | Reached skill level 21 in Shields
 64289 | Vaults:3 | Reached skill level 17 in Dodging
 64309 | Vaults:3 | Identified the +6 broad axe "Undertaker" {flame, +Fly rC+
                  | Str-2 Stlth+}
 64310 | Vaults:3 | XOM: cast spell 'Statue Form'
 64316 | Vaults:3 | XOM: summons 9 friendly demons
 64331 | Vaults:3 | XOM: confuse monster(s)
 64336 | Vaults:3 | XOM: destruction
 64352 | Vaults:3 | XOM: enchant monster (good)
 64367 | Vaults:3 | Reached skill level 17 in Short Blades
 64367 | Vaults:3 | Reached skill level 17 in Long Blades
 64367 | Vaults:3 | Reached skill level 17 in Axes
 64367 | Vaults:3 | Reached skill level 17 in Polearms
 64367 | Vaults:3 | Reached skill level 17 in Staves
 64367 | Vaults:3 | Reached skill level 17 in Slings
 64367 | Vaults:3 | Reached skill level 17 in Bows
 64367 | Vaults:3 | Reached skill level 17 in Crossbows
 64367 | Vaults:3 | Reached skill level 17 in Throwing
 64367 | Vaults:3 | Reached skill level 17 in Stealth
 64367 | Vaults:3 | Reached skill level 17 in Unarmed Combat
 64367 | Vaults:3 | Reached skill level 17 in Spellcasting
 64460 | Vaults:3 | Identified the ring of Niureabbi {rC+ Dex+6}
 64464 | Vaults:3 | XOM: cleaving
 64497 | Vaults:3 | XOM: summons 4 friendly demons
 64521 | Vaults:3 | XOM: potion effect (invisibility)
 64530 | Vaults:3 | XOM: polymorph shadow dragon -> stone giant
 64536 | Vaults:3 | Reached skill level 18 in Fighting
 64536 | Vaults:3 | Reached skill level 18 in Maces & Flails
 64734 | Vaults:3 | XOM: confuse monster(s)
 64818 | Vaults:3 | Identified the +4 battleaxe "Ruakunas" {chop, Fragile rC++
                  | Int+4}
 64871 | Vaults:3 | XOM: summons 6 friendly demons
 64904 | Vaults:3 | XOM: cast spell 'Necromutation'
 64979 | Vaults:3 | XOM: cleaving
 64988 | Vaults:3 | XOM: noise
 65317 | Vaults:3 | XOM: god gift: 32 large rocks
 65399 | Vaults:3 | XOM: noise
 65465 | Vaults:3 | Reached skill level 20 in Evocations
 65529 | Vaults:3 | XOM: harmless Hex miscast
 65561 | Vaults:3 | Got a silver rune of Zot
 65589 | Vaults:3 | Identified the +0 robe "Maineina" {Dex+4}
 65732 | Vaults:3 | Identified the Collected Works on the Doomed Glacier
 65734 | Vaults:3 | Identified the Grimoire of Malediction
 65924 | Vaults:1 | XOM: mild Fire miscast
 66019 | Depths:2 | XOM: give mutations
 66019 | Depths:2 | Lost mutation: Your spells are a little harder to cast, but
                  | a little more powerful. [Xom's mischief]
 66019 | Depths:2 | Lost mutation: You are highly resistant to hostile
                  | enchantments. (MR++) [Xom's mischief]
 66019 | Depths:2 | Lost mutation: You possess an exceptional clarity of mind.
                  | [Xom's mischief]
 66194 | Depths:5 | XOM: harmless Erth miscast
 66266 | Zot:1    | Entered Level 1 of the Realm of Zot
 66323 | Zot:1    | XOM: silly message
 66402 | Zot:1    | Reached skill level 15 in Conjurations
 66402 | Zot:1    | Reached skill level 15 in Hexes
 66402 | Zot:1    | Reached skill level 15 in Charms
 66402 | Zot:1    | Reached skill level 15 in Summonings
 66402 | Zot:1    | Reached skill level 15 in Necromancy
 66402 | Zot:1    | Reached skill level 15 in Translocations
 66402 | Zot:1    | Reached skill level 15 in Transmutations
 66402 | Zot:1    | Reached skill level 15 in Fire Magic
 66402 | Zot:1    | Reached skill level 15 in Ice Magic
 66402 | Zot:1    | Reached skill level 15 in Air Magic
 66402 | Zot:1    | Reached skill level 15 in Earth Magic
 66402 | Zot:1    | Reached skill level 15 in Poison Magic
 66406 | Zot:1    | XOM: noise
 66411 | Zot:1    | Noticed an orb of fire
 66499 | Zot:1    | XOM: 3-stop teleportation journey
 66544 | Zot:1    | Noticed a golden dragon
 66555 | Zot:1    | Killed a golden dragon
 66642 | Zot:1    | XOM: 1-stop teleportation journey
 66680 | Zot:1    | Found a transporter.
 66727 | Zot:1    | Reached skill level 22 in Shields
 66753 | Zot:1    | Found a transporter.
 66830 | Zot:1    | XOM: harmless Ice miscast
 66952 | Zot:2    | Noticed a Killer Klown
 66963 | Zot:2    | XOM: swap monsters
 66963 | Zot:2    | Killed a Killer Klown
 66967 | Zot:2    | XOM: mild Tloc miscast
 66974 | Zot:2    | Reached skill level 18 in Armour
 66977 | Zot:2    | XOM: potion effect (haste)
 67060 | Zot:2    | XOM: divination: magic mapping
 67114 | Zot:2    | XOM: noise
 67220 | Zot:2    | XOM: give mutations
 67220 | Zot:2    | Lost mutation: You are somewhat resistant to further
                  | mutation. [Xom's mischief]
 67220 | Zot:2    | Lost mutation: You expend magic power (3 MP) to strengthen
                  | your wands. [Xom's mischief]
 67220 | Zot:2    | Lost mutation: You passively map a small area around you.
                  | [Xom's mischief]
 67997 | Zot:1    | XOM: noise
 68021 | Zot:1    | XOM: harmless Tloc miscast
 68099 | Zot:2    | XOM: 2-stop teleportation journey
 68332 | Zot:3    | Reached skill level 19 in Invocations
 68683 | Zot:3    | XOM: enchant monster (good)
 68759 | Zot:3    | Identified the +8 quarterstaff "Dela" {vamp, rElec Dex+4}
 68955 | Zot:3    | XOM: cloud trail
 69073 | Zot:3    | XOM: silly message
 69110 | Zot:3    | XOM: give mutations
 69110 | Zot:3    | Lost mutation: You occasionally shout uncontrollably at
                  | your foes. [Xom's mischief]
 69110 | Zot:3    | Gained mutation: Your flesh is cold resistant. (rC+) [Xom's
                  | mischief]
 69110 | Zot:3    | Lost mutation: You have a pair of small horns on your head.
                  | [Xom's mischief]
 69330 | Zot:4    | Noticed a golden dragon
 69337 | Zot:4    | Killed a golden dragon
 69338 | Zot:4    | Reached skill level 18 in Dodging
 69511 | Zot:4    | Noticed a golden dragon
 69517 | Zot:4    | XOM: cast spell 'Olgreb's Toxic Radiance'
 69523 | Zot:4    | Killed a golden dragon
 69634 | Zot:4    | XOM: god gift: 37 gold pieces
 69637 | Zot:4    | Identified the ring of Butchery {Ice rElec}
 69783 | Zot:4    | Reached skill level 21 in Evocations
 69824 | Zot:4    | XOM: cloud trail
 69999 | Zot:5    | Entered Level 5 of the Realm of Zot
 70003 | Zot:5    | Identified the +5 dagger of Beittes {pierce, rElec Str+6
                  | Dex+6}
 70087 | Zot:5    | XOM: confuse monster(s)
 70088 | Zot:5    | Noticed a golden dragon
 70090 | Zot:5    | XOM: enchant monster (good)
 70103 | Zot:5    | Killed a golden dragon
 70188 | Zot:5    | XOM: 1-stop teleportation journey
 70280 | Zot:5    | Noticed an ancient lich
 70290 | Zot:5    | Killed an ancient lich
 70291 | Zot:5    | Reached skill level 18 in Short Blades
 70291 | Zot:5    | Reached skill level 18 in Long Blades
 70291 | Zot:5    | Reached skill level 18 in Axes
 70291 | Zot:5    | Reached skill level 18 in Polearms
 70291 | Zot:5    | Reached skill level 18 in Staves
 70291 | Zot:5    | Reached skill level 18 in Slings
 70291 | Zot:5    | Reached skill level 18 in Bows
 70291 | Zot:5    | Reached skill level 18 in Crossbows
 70291 | Zot:5    | Reached skill level 18 in Throwing
 70291 | Zot:5    | Reached skill level 18 in Stealth
 70291 | Zot:5    | Reached skill level 18 in Unarmed Combat
 70291 | Zot:5    | Reached skill level 18 in Spellcasting
 70343 | Zot:5    | XOM: give mutations
 70343 | Zot:5    | Lost mutation: You are dopey. (Int -2) [Xom's grace]
 70343 | Zot:5    | Gained mutation: You possess an exceptional clarity of
                  | mind. [Xom's grace]
 70343 | Zot:5    | Gained mutation: You are partially covered in large bone
                  | plates. (SH +4) [Xom's grace]
 70567 | Zot:5    | Noticed an orb of fire
 70569 | Zot:5    | XOM: summons 5 friendly demons
 70579 | Zot:5    | Gained mutation: Your magical capacity is low. (-10% MP)
                  | [an orb of fire]
 70580 | Zot:5    | Lost mutation: You are resistant to electric shocks.
                  | (rElec) [an orb of fire]
 70582 | Zot:5    | Gained mutation: Your body sometimes deteriorates upon
                  | taking damage. [an orb of fire]
 70584 | Zot:5    | Killed an orb of fire
 70650 | Zot:5    | Noticed an orb of fire
 70651 | Zot:5    | Noticed an ancient lich
 70656 | Zot:5    | Noticed an orb of fire
 70660 | Zot:5    | Noticed an ancient lich
 70661 | Zot:5    | Killed an ancient lich
 70663 | Zot:5    | Gained mutation: You occasionally shout uncontrollably at
                  | your foes. [an orb of fire]
 70665 | Zot:5    | XOM: summons friendly iron imp
 70666 | Zot:5    | Lost mutation: You possess an exceptional clarity of mind.
                  | [an orb of fire]
 70669 | Zot:5    | Lost mutation: Your flesh is cold resistant. (rC+) [an orb
                  | of fire]
 70675 | Zot:5    | XOM: divination: detect creatures
 70690 | Zot:5    | Killed an ancient lich
 70692 | Zot:5    | XOM: summons 3 friendly demons
 70692 | Zot:5    | Gained mutation: You are occasionally teleported next to
                  | monsters. [an orb of fire]
 70694 | Zot:5    | XOM: polymorph white imp -> ufetubus
 70695 | Zot:5    | Killed an orb of fire
 70699 | Zot:5    | Killed an orb of fire
 70700 | Zot:5    | Reached skill level 19 in Fighting
 70700 | Zot:5    | Reached skill level 19 in Maces & Flails
 70700 | Zot:5    | Reached skill level 23 in Shields
 70739 | Zot:5    | Noticed an ancient lich
 70752 | Zot:5    | Killed an ancient lich
 70757 | Zot:5    | Noticed an ancient lich
 70757 | Zot:5    | Noticed a golden dragon
 70761 | Zot:5    | Got the Orb of Zot
 70780 | Zot:5    | Noticed a Killer Klown
 70782 | Zot:5    | XOM: summons 2 friendly demons
 70792 | Zot:5    | Noticed an ancient lich
 70796 | Zot:5    | Noticed a Killer Klown
 70803 | Zot:5    | XOM: noise
 70804 | Zot:5    | Killed an ancient lich
 70811 | Zot:5    | Killed a Killer Klown
 70835 | Zot:5    | Identified the +2 hat of Distant Worlds {*Corrode Dex+4}
                  | (You found it on level 5 of the Realm of Zot)
 70892 | Zot:4    | XOM: harmless Pois miscast
 70939 | Zot:3    | XOM: scenery: 2 doors close
 70958 | Zot:3    | Noticed Ataas the pandemonium lord
 70969 | Zot:2    | Killed Ataas the pandemonium lord
 70996 | Zot:2    | XOM: scenery: 1 doors open, 3 doors close
 71170 | Depths:4 | XOM: enchant monster (good)
 71194 | Depths:4 | Noticed Zoun the pandemonium lord
 71252 | D:12     | XOM: scenery: create altars
 71370 | D:9      | Reached skill level 16 in Conjurations
 71370 | D:9      | Reached skill level 16 in Hexes
 71370 | D:9      | Reached skill level 16 in Charms
 71370 | D:9      | Reached skill level 16 in Summonings
 71370 | D:9      | Reached skill level 16 in Necromancy
 71370 | D:9      | Reached skill level 16 in Translocations
 71370 | D:9      | Reached skill level 16 in Transmutations
 71370 | D:9      | Reached skill level 16 in Fire Magic
 71370 | D:9      | Reached skill level 16 in Ice Magic
 71370 | D:9      | Reached skill level 16 in Air Magic
 71370 | D:9      | Reached skill level 16 in Earth Magic
 71370 | D:9      | Reached skill level 16 in Poison Magic
 71429 | D:6      | Gained mutation: You are weak. (Str -2) [a cacodemon]
 71458 | D:5      | Gained mutation: Your spells are a little easier to cast,
                  | but a little less powerful. [a cacodemon]
 71460 | D:5      | XOM: give mutations
 71460 | D:5      | Gained mutation: You have a pair of small antennae on your
                  | head. [Xom's grace]
 71460 | D:5      | Gained mutation: You have sharp toenails. [Xom's grace]
 71464 | D:5      | XOM: scenery: create altars
 71553 | D:$      | Escaped with the Orb!

Skill      XL: |  1  2  3  4  5  6  7  8  9 10 11 12 13 14 15 16 17 18 19 20 21 22 23 24 25 26 27 |
---------------+----------------------------------------------------------------------------------+-----
Invocations    | 1 2 3 4 5 6 7 8 9 10 11 12 13 14 15 16 17 19 | 19.9
Short Blades   | 1 2 3 4 5 6 7 8 9 10 11 12 13 14 15 16 18 | 18.5
Long Blades    | 1 2 3 4 5 6 7 8 9 10 11 12 13 14 15 16 18 | 18.5
Axes           | 1 2 3 4 5 6 7 8 9 10 11 12 13 14 15 16 18 | 18.5
Polearms       | 1 2 3 4 5 6 7 8 9 10 11 12 13 14 15 16 18 | 18.5
Staves         | 1 2 3 4 5 6 7 8 9 10 11 12 13 14 15 16 18 | 18.5
Slings         | 1 2 3 4 5 6 7 8 9 10 11 12 13 14 15 16 18 | 18.5
Bows           | 1 2 3 4 5 6 7 8 9 10 11 12 13 14 15 16 18 | 18.5
Crossbows      | 1 2 3 4 5 6 7 8 9 10 11 12 13 14 15 16 18 | 18.5
Throwing       | 1 2 3 4 5 6 7 8 9 10 11 12 13 14 15 16 18 | 18.5
Stealth        | 1 2 3 4 5 6 7 8 9 10 11 12 13 14 15 16 18 | 18.5
Shields        | 1 2 3 4 5 6 7 8 9 11 12 13 14 15 16 17 18 19 20 23 | 23.4
Unarmed Combat | 1 2 3 4 5 6 7 8 9 10 11 12 13 14 15 16 18 | 18.5
Spellcasting   | 1 2 3 4 5 6 7 8 9 10 11 12 13 14 15 16 18 | 18.5
Evocations     | 1 2 3 4 5 6 7 8 9 10 11 12 13 14 16 17 18 19 21 | 21.9
Conjurations   | 1 2 3 4 5 6 7 8 9 10 11 12 13 14 16 | 16.0
Hexes          | 1 2 3 4 5 6 7 8 9 10 11 12 13 14 16 | 16.0
Charms         | 1 2 3 4 5 6 7 8 9 10 11 12 13 14 16 | 16.0
Summonings     | 1 2 3 4 5 6 7 8 9 10 11 12 13 14 16 | 16.0
Necromancy     | 1 2 3 4 5 6 7 8 9 10 11 12 13 14 16 | 16.0
Translocations | 1 2 3 4 5 6 7 8 9 10 11 12 13 14 16 | 16.0
Transmutations | 1 2 3 4 5 6 7 8 9 10 11 12 13 14 16 | 16.0
Fire Magic     | 1 2 3 4 5 6 7 8 9 10 11 12 13 14 16 | 16.0
Ice Magic      | 1 2 3 4 5 6 7 8 9 10 11 12 13 14 16 | 16.0
Air Magic      | 1 2 3 4 5 6 7 8 9 10 11 12 13 14 16 | 16.0
Earth Magic    | 1 2 3 4 5 6 7 8 9 10 11 12 13 14 16 | 16.0
Poison Magic   | 1 2 3 4 5 6 7 8 9 10 11 12 13 14 16 | 16.0
Dodging        | 3 4 5 6 7 8 9 10 11 12 13 14 15 16 18 | 18.6
Armour         | 5 6 7 8 9 10 11 12 13 14 15 16 17 18 | 18.9
Fighting       | 7 8 9 10 11 12 13 14 15 16 17 19 | 19.3
Maces & Flails | 7 8 9 10 11 12 13 14 15 16 17 19 | 19.3

Action                   |  1- 3 |  4- 6 |  7- 9 | 10-12 | 13-15 | 16-18 | 19-21 | 22-24 | 25-27 || total
-------------------------+-------+-------+-------+-------+-------+-------+-------+-------+-------++-------
Melee: Mace              |   100 |   145 |    10 |       |       |       |       |       |       ||   255
       Bite              |    15 |    12 |    56 |    64 |   167 |    79 |    77 |   161 |   223 ||   854
       Punch             |       |     1 |     2 |       |       |       |       |       |       ||     3
       Flail             |       |       |   424 |   183 |       |       |       |       |       ||   607
       Headbutt          |       |       |    26 |   143 |   274 |   140 |   147 |   220 |   202 ||  1152
       Scimitar          |       |       |       |   292 |   112 |       |       |       |       ||   404
       Rapier            |       |       |       |    72 |   717 |       |       |       |       ||   789
       Long sword        |       |       |       |       |     5 |       |       |       |       ||     5
       Eveningstar       |       |       |       |       |   361 |   714 |   756 |  1055 |   744 ||  3630
       Unarmed           |       |       |       |       |       |     1 |       |       |       ||     1
       Fustibalus        |       |       |       |       |       |       |       |     1 |       ||     1
       Double sword      |       |       |       |       |       |       |       |       |   358 ||   358
       War axe           |       |       |       |       |       |       |       |       |   268 ||   268
       Kick              |       |       |       |       |       |       |       |       |     1 ||     1
 Fire: Fustibalus        |       |       |       |       |     4 |   269 |   128 |    33 |    18 ||   452
Throw: Tomahawk          |       |       |    53 |    60 |    54 |     1 |       |       |       ||   168
       Javelin           |       |       |     1 |    11 |    18 |    17 |    40 |    38 |    70 ||   195
       Throwing net      |       |       |       |       |       |       |       |     1 |       ||     1
 Cast: Flaming Arrows    |       |       |       |       |       |    28 |    15 |     9 |     2 ||    54
       Infestation       |       |       |       |       |       |       |       |    14 |       ||    14
       Irradiate         |       |       |       |       |       |       |       |    14 |     9 ||    23
       Statue Form       |       |       |       |       |       |       |       |     3 |     2 ||     5
       Yara's Violent Un |       |       |       |       |       |       |       |     5 |     1 ||     6
       Freezing Cloud    |       |       |       |       |       |       |       |     3 |    19 ||    22
       Aura of Abjuratio |       |       |       |       |       |       |       |     1 |       ||     1
       Monstrous Menager |       |       |       |       |       |       |       |    14 |    24 ||    38
       Haunt             |       |       |       |       |       |       |       |     3 |     3 ||     6
       Icicle Burst      |       |       |       |       |       |       |       |       |     9 ||     9
Invok: Upheaval          |       |       |       |     6 |    10 |     5 |     6 |     8 |     2 ||    37
       Elemental Force   |       |       |       |       |     1 |     8 |     4 |     6 |     7 ||    26
       Become The Storm  |       |       |       |       |     1 |     1 |     3 |       |     3 ||     8
 Abil: Evoke Invisibilit |       |       |       |       |       |       |     7 |       |       ||     7
       End Transformatio |       |       |       |       |       |       |       |     1 |     1 ||     2
Evoke: Wand              |       |       |       |       |     2 |     6 |       |     4 |     5 ||    17
       Lamp of fire      |       |       |       |       |     1 |     4 |     6 |     4 |     3 ||    18
       Box of beasts     |       |       |       |       |       |     2 |       |     1 |     3 ||     6
       Sack of spiders   |       |       |       |       |       |     2 |     1 |       |       ||     3
       Lightning rod     |       |       |       |       |       |       |       |     1 |       ||     1
  Use: Scroll            |     2 |     4 |     8 |    13 |    18 |     9 |     1 |    13 |    11 ||    79
       Potion            |       |       |     1 |     3 |     1 |     6 |     4 |     1 |     7 ||    23
 Stab: Confused          |       |     1 |       |     6 |     3 |     9 |     1 |     3 |    14 ||    37
       Sleeping          |       |     1 |       |       |       |       |       |       |       ||     1
       Distracted        |       |       |       |     2 |     2 |     2 |     3 |     3 |    10 ||    22
       Paralysed         |       |       |       |     1 |     1 |     2 |       |       |     3 ||     7
       Invisible         |       |       |       |       |     4 |       |    15 |     1 |    62 ||    82
       Petrifying        |       |       |       |       |     1 |       |       |       |       ||     1
  Eat: Chunk             |     2 |    12 |    27 |    24 |    61 |    24 |    31 |    42 |    52 ||   275
       Ration            |       |       |     1 |     5 |     5 |    10 |     6 |    10 |    14 ||    51
Armor: Leather armour    |    36 |    63 |       |       |       |       |       |       |       ||    99
       Chain mail        |       |    15 |   227 |   139 |     1 |       |       |       |       ||   382
       Plate armour      |       |       |       |   130 |   669 |   452 |   236 |    55 |       ||  1542
       Skin              |       |       |       |       |     3 |       |       |   286 |   300 ||   589
Dodge: Dodged            |    76 |   102 |   197 |   195 |   149 |   256 |   230 |  1052 |  1032 ||  3289
       Deflected         |       |       |       |       |     3 |    39 |    36 |    46 |    39 ||   163
Block: Buckler           |       |       |    27 |   259 |    61 |       |       |  1417 |  1950 ||  3714
       Large shield      |       |       |       |       |  1582 |   103 |       |       |       ||  1685
       Medium shield     |       |       |       |       |       |  1066 |   872 |   296 |       ||  2234
       Other             |       |       |       |       |       |     2 |       |       |       ||     2

Levels and vault maps discovered:
D:1:      lightli_arrival_chessboard, layout_basic
D:2:      layout_basic, kennysheep_vampire_church,
          chequers_ecumenical_altar_grove, eino_tiny_chamber, solitary_fountain,
          minmay_randomly_rotated_circles
D:3:      layout_loops_ring, nicolae_overflow_hidden_temple, serial_bayou,
          serial_bayou_ford_a, serial_bayou_crossing, serial_bayou_shore_a,
          serial_bayou_shore_b, serial_bayou_pond_e, serial_bayou_lagoon_b,
          first_ration
D:4:      layout_gridville, lemuel_coloured_pillars_altar, uniq_duvessa,
          uniq_ijyb
D:5:      layout_loops_ring, minmay_fire_ice_demons, uniq_prince_ribbit1
D:6:      layout_cave_pods, lemuel_doored_altar,
          nemelex_xobeh_ov_fountains_minmay, minivault_14
D:7:      layout_gridville, minmay_temple_entry_ruins, nicolae_ru_path_of_blood
D:8:      layout_basic, minmay_overflow_temple_star_quad, dpeg_lair_monsters,
          minmay_shop_damaged, grunt_ogre_cave, xom_redecorated
D:9:      layout_loops_ring, marbit_many_paths, bhauth_orc_entry_pike_square,
          gammafunk_ghost_hive
D:10:     layout_grid_maze, enter_bailey_3, uniq_erica, uniq_nergalle
D:11:     layout_stronghold, ximxim_vaults_locker_room, uniq_urug
D:12:     grunt_enter_depths_hoard, layout_basic, minmay_protected_statue
Temple:   minmay_temple_curvy_branch
Lair:1:   layout_cave_pods
Lair:2:   layout_cave_pods, nicolae_spider_entry_tight_spaces,
          lemuel_fruit_tree, infiniplex_staircase_pool_2, grunt_megastairs_3
Lair:3:   layout_chaotic_city, grunt_megastairs_1, minmay_lair_oklob_chamber
Lair:4:   layout_regular_city, minmay_snake_entry_guardpost_small,
          serial_bayou_shore_b
Lair:5:   layout_hall_layers
Lair:6:   minmay_lair_end_enchanted_forest, layout_regular_city, slime_altar_2,
          gammafunk_ghost_icy
Snake:1:  layout_onion, serial_shops, nicolae_shop_competitors_out_of_business,
          st_stairs_5, grunt_ministairs_14, lightli_airlock, grunt_megastairs_4
Snake:2:  layout_concentric_octagons, basic_altar, ebering_ghost_xom,
          serial_bayou_shore_b, grunt_megastairs_2
Snake:3:  grunt_snake_rune_spirals, layout_onion_interference,
          ebering_ghost_inner_flame
Spider:1: layout_spider_delve, gammafunk_ghost_cemetery, spider_trap,
          uniq_asterion
Spider:2: nicolae_spider_mines_1, portal_ice_cave_entry_pillars_2,
          gammafunk_ghost_arena
Spider:3: grunt_spider_rune_circles, nicolae_spider_cling_ruins
Orc:      grunt_orc_gardens, layout_diamond_mine, grunt_orc_garden,
          grunt_orc_garden, grunt_orc_garden, grunt_orc_garden, serial_shops,
          nicolae_shop_waterfront, shop_statue, mines1_david, uniq_nessos,
          uniq_saint_roka
Elf:1:    eino_elf_arrival_the_gate, layout_geoelf_octagon, serial_shops, shop,
          orc_legates, uniq_aizul, uniq_frances
Elf:2:    elven_hall_of_blades_hangedman_original
          [nicolae_blade_entry_diamond_columns], layout_geoelf_octagon,
          serial_shops, shop, basic_altar, spider_trap,
          statue_in_the_mist_lemuel
Elf:3:    nooodl_elf_gasket, layout_geoelf_diagonals, serial_shops, shop
Vaults:1: grunt_vaults_diagonal, nicolae_vaults_network_periphery,
          vaults_standard_mumra_x, v_rooms_6, v_misc_22, vaults_mumra_hex,
          vaults_mumra_chevron, ontoclasm_vaults_fault,
          ontoclasm_vaults_gateway, nicolae_vaults_octagons,
          hangedman_vaults_snaps, nicolae_vaults_little_squares_2,
          vaults_dpeg_diagonal, layout_vaults_big_cross, serial_shops,
          nicolae_shop_stone, shop, shop, nicolae_shop_overgrown_old_shop, shop
Vaults:2: minmay_crypt_entry_simple_sparse, vaults_mumra_hexcomb, st_octagons_2,
          hangedman_vaults_hat, v_misc_23, vaults_dpeg_encased_lava,
          nicolae_vaults_yaktaur_gun_rack, nicolae_vaults_specimen_jars,
          v_alt_pattern_3, vaults_room_stairs_pillars, grunt_vaults_twisty,
          vaults_room_stairs_pillars, ontoclasm_vaults_eye, layout_vaults_ring,
          serial_shops, shop
Vaults:3: serial_shops
Crypt:1:  layout_gridlike, ebering_ghost_rock_garden, door_vault, uniq_margery,
          uniq_zenata
Crypt:2:  david_glass_crypt, layout_gridlike,
          nicolae_tomb_entry_unfolded_pyramid_orthogonal, lemuel_statue_altar
Depths:1: layout_honeycomb, hell_entry, grunt_ministairs_7,
          dreamdust_wishing_well, minmay_misc_feat_alley, minivault_16,
          chequers_serial_rivers_micro_b, nicolae_figureground_pulse,
          uniq_sojobo
Depths:2: kennysheep_bubble_arena, layout_basic,
          infiniplex_staircase_split_hallway, hangedman_geh_valley,
          amcnicky_mini_pool_medium, serial_bayou_shore_b
Depths:3: cheibrodos_hall_of_evolution, layout_gridlike, hell_entry,
          serial_shops, shop, grunt_pan_entry_spiral,
          kennysheep_cross_bottleneck, nicolae_lava_and_water,
          minmay_staircase_windowed_small, uniq_mennas, uniq_nikola
Depths:4: kb_forest_paths, layout_basic, enter_ziggurat_f,
          hangedman_decor_diamond_cutter, abyss_entry, hell_entry, uniq_jory
Depths:5: grunt_zot_entry_bicorn, layout_gridlike, nicolae_twisting_strands,
          rand_demon_pan_entry_4, gammafunk_ghost_ooze, grunt_hell_entry_dis_mu,
          nicolae_ashenzari_panopticon, serial_bayou_shore_b, uniq_xtahua
Zot:1:    gammafunk_sealed_arena, layout_cathedral_of_symmetry
Zot:2:    layout_gridlike, nicolae_zot_crop_circle
Zot:3:    layout_gridlike
Zot:4:    layout_gridlike
Zot:5:    layout_cathedral_of_symmetry

Table legend:
 A = Turns spent in this place as a percentage of turns spent in the entire game.
 B = Non-inter-level travel turns spent in this place as a percentage of non-inter-level travel turns spent in the entire game.
 C = Inter-level travel turns spent in this place as a percentage of turns spent in this place.
 D = Turns resting spent in this place as a percentage of non-inter-level travel turns spent in this place.
 E = Turns spent auto-exploring this place as a percentage of non-inter-level travel turns spent in this place.
 F = Non-inter-level travel turns spent in this place divided by the number of levels of this place that you've seen.
                   A       B       C       D       E      F
               +-------+-------+-------+-------+-------+----------------------
         Total | 100.0 | 100.0 |  12.1 |  13.5 |  60.9 | 1398.4
       Dungeon |  26.7 |  25.8 |  15.1 |  12.9 |  63.5 | 1350.5
        Temple |   0.2 |   0.2 |  15.7 |   0.0 |  86.7 | 113.0
          Lair |  14.6 |  14.4 |  13.0 |  17.5 |  60.4 | 1513.8
     Snake Pit |   8.0 |   8.4 |   7.7 |  14.4 |  60.3 | 1762.0
   Spider Nest |   6.8 |   6.5 |  16.0 |  14.3 |  59.6 | 1362.0
  Orcish Mines |   1.6 |   1.6 |  16.3 |  15.0 |  57.6 | 977.0
   Elven Halls |   8.7 |   8.4 |  14.6 |  21.8 |  45.5 | 1768.3
        Vaults |   9.3 |   9.5 |  10.3 |  14.6 |  57.1 | 1993.7
         Crypt |   4.5 |   4.6 |   8.8 |  22.0 |  51.3 | 1455.0
        Depths |  11.8 |  12.1 |  10.3 |   5.6 |  69.0 | 1521.0
           Zot |   6.7 |   7.3 |   4.5 |   5.4 |  71.9 | 920.6
        Bailey |   1.1 |   1.2 |   0.0 |   0.0 |  49.3 | 773.0
               +-------+-------+-------+-------+-------+----------------------

Table legend:
 A = Kills in this place as a percentage of kills in entire the game.
 B = Kills by you in this place as a percentage of kills by you in the entire game.
 C = Kills by friends in this place as a percentage of kills by friends in the entire game.
 D = Other kills in this place as a percentage of other kills in the entire game.
 E = Experience gained in this place as a percentage of experience gained in the entire game.
 F = Experience gained in this place divided by the number of levels of this place that you have seen.
                   A       B       C       D       E      F
               +-------+-------+-------+-------+-------+----------------------
         Total | 100.0 | 100.0 | 100.0 | 100.0 | 100.0 | 37737.5
       Dungeon |  19.0 |  20.7 |   9.4 |   4.0 |   4.4 | 6280.2
          Lair |   9.4 |  10.6 |   1.3 |   0.0 |   3.4 | 9646.3
     Snake Pit |  10.2 |   9.4 |  17.0 |  15.1 |   8.2 | 46155.0
   Spider Nest |   6.5 |   5.8 |  15.1 |   7.1 |   4.1 | 23286.7
  Orcish Mines |   3.1 |   2.7 |   6.9 |   5.6 |   1.1 | 18077.0
   Elven Halls |   8.1 |   8.3 |   7.5 |   7.1 |   9.0 | 50994.0
        Vaults |  14.9 |  13.3 |  23.3 |  31.0 |  18.7 | 106089.0
         Crypt |   5.6 |   5.8 |   1.9 |   7.1 |   7.7 | 65315.0
        Depths |  14.6 |  14.0 |  17.0 |  21.4 |  22.4 | 76051.2
           Zot |   6.7 |   7.5 |   0.6 |   0.8 |  20.9 | 70878.6
        Bailey |   1.7 |   1.9 |   0.0 |   0.8 |   0.1 | 2017.0
               +-------+-------+-------+-------+-------+----------------------
